Workbook
Name OLE_LINK1: 'Annex 3 Preserved charges'!#REF!

Sheet Overview
A2: Company and Licence name, charging year, effective from, status
B3: Company and Licence name | C3: Year | D3: Effective From | E3: Status
A4: Company and Licence name, charging year, effective from, status | B4: Aidien Limited - GSP_B | C4: 2025/26 | D4: 1 April 2025 | E4: Final
A6: List of data tables in this workbook
A7: Worksheet | B7: Information
A8: Annex 1 LV, HV and Unmetered Supplies charges | B8: Annex 1 contains the charges to LV and HV Designated Properties and Unmetered Supplies.
A9: Annex 2 Designated EHV charges | B9: ="Annex 2 contains the charges to Designated EHV Properties and charges applied to LDNOs with Designated EHV Properties/end-users embedded in networks within the " &B4 &" Licence area." -> Annex 2 contains the charges to Designated EHV Properties and charges applied to LDNOs with Designated EHV Properties/end-users embedded in networks within the Aidien Limited - GSP_B Licence area.
A10: Annex 3 Preserved charges | B10: Annex 3 contains details of any preserved and additional charges that are valid at this time.
A11: Annex 4 LDNO charges | B11: ="Annex 4 contains charges that are levied on the owner of an embedded network within the "&B4&" Licence area. "&"Electricity suppliers and consumers who have properties connected to an embedded network should contact the embedded network owner to determine their distribution charges."&" The charges listed in this table are not payable by domestic consumers, business consumers or electricity suppliers." -> Annex 4 contains charges that are levied on the owner of an embedded network within the Aidien Limited - GSP_B Licence area. Electricity suppliers and consumers who have properties connected to an embedded network should contact the embedded network owner to determine their distribution charges. The charges listed in this table are not payable by domestic consumers, business consumers or electricity suppliers.
A12: Annex 5 LLFs | B12: Annex 5 has been intentionally left blank as this charging statement is published a complete year before the LLFs have been audited. The line loss factors that are approved by the BSC Panel for the applicable year and consequently published on the Elexon website will take precedence and be used in Settlement. This annex will be re-published with these values once they are available.
A13: Annex 6 Charges for New or Amended Designated EHV Properties | B13: ="Annex 6 contains the charges for new or amended Designated EHV Properties and charges applied to LDNOs with new or amended Designated EHV Properties/end-users embedded in networks within the " &B4 &" Licence area." -> Annex 6 contains the charges for new or amended Designated EHV Properties and charges applied to LDNOs with new or amended Designated EHV Properties/end-users embedded in networks within the Aidien Limited - GSP_B Licence area.
A14: Annex 7 Fixed adders for Supplier of Last Resort and Eligible Bad Debt pass-through costs | B14: Annex 7 contains the fixed adders to recover Supplier of Last Resort and Eligible Bad Debt pass-through costs. The Excess Supplier of Last Resort fixed adder relates to an increase to previously published charges only.
A15: Nodal prices | B15: Contains the underlying [nodal/network group] costs used to calculate the current EDCM charges.
A16: SSC unit rate lookup | B16: Contains a mapping of Standard Settlement Configurations to common decodings
A17: Residual Charging Bandings | B17: Contains the four Residual charging band allocation for Customers
A18: TNUoS Mapping | B18: Contains a mapping of DUoS Tariffs to TNUoS Site Charging Bands
A19: Charge calculator | B19: Charge calculator is a tool to help you estimate your distribution charges using current consumption data and forecast consumption data.
A21: Notes to users of this spreadsheet
A23: Please use this spreadsheet with reference to the LC14 use of system charging statement.
A25: Notes to DNOs populating this spreadsheet
A27: DNOs must endeavour to maintain consistency in the structure of this spreadsheet. Any changes to the structure must be noted in the 'Notes to users of this spreadsheet'
A28: The drop down list on the charge calculator can be expanded by unprotecting the charge calculator sheet and selecting 'data', 'data validation...' and then expanding the 'source' data range. The sheet can then be protected.

Sheet Annex 1 LV, HV and UMS charges
A1: Back to Overview | B1: 'DNOs paste value cells A15:J47 from CDCM 3701 into cells A14:J46
A2: =Overview!B4& " - Effective from "&Overview!D4&" - "&Overview!E4&" LV and HV charges" -> Aidien Limited - GSP_B - Effective from 1 April 2025 - Final LV and HV charges
A4: Time Bands for LV and HV Designated Properties | G4: Time Bands for Unmetered Properties
A5: Time periods | B5: Red Time Band | C5: Amber Time Band | E5: Green Time Band | I5: Black Time Band | J5: Yellow Time Band | K5: Green Time Band
A6: Monday to Friday (Including Bank Holidays) All Year | B6: 16:00 - 19:00 | C6: 07:30 to 16:00 19:00 to 21:00 | E6: 00:00 to 07:30 21:00 to 24:00 | G6: Monday to Friday (Including Bank Holidays) Nov to Feb Inclusive | I6: 16:00 to 19:00 | J6: 07:30 to 16:00 19:00 to 21:00 | K6: 00:00 to 07:30 21:00 to 24:00
A7: Saturday and Sunday All Year | E7: 00:00 to 24:00 | G7: Monday to Friday (Including Bank Holidays) Mar to Oct Inclusive | J7: 07:30 to 21:00 | K7: 00:00 to 07:30 21:00 to 24:00
A8: Notes | B8: All the above times are in UK Clock time | G8: Saturday and Sunday All year | K8: 00:00 to 24:00
G9: Notes | I9: All the above times are in UK Clock time
A11: Tariff name | B11: Open LLFCs | C11: PCs | D11: Red/black unit charge p/kWh | E11: Amber/yellow unit charge p/kWh | F11: Green unit charge p/kWh | G11: Fixed charge p/MPAN/day | H11: Capacity charge p/kVA/day | I11: Exceeded capacity charge p/kVA/day | J11: Reactive power charge p/kVArh | K11: Closed LLFCs
A12: Domestic Aggregated or CT with Residual | B12: B01,B02,B03 | C12: 0, 1, 2 | D12: 10.271 | E12: 1.943 | F12: 0.142 | G12: 8.6 | H12: 0 | I12: 0 | J12: 0
A13: Domestic Aggregated (Related MPAN) | B13: B04,B05,B06 | C13: 2 | D13: 10.271 | E13: 1.943 | F13: 0.142 | G13: 0 | H13: 0 | I13: 0 | J13: 0
A14: Non-Domestic Aggregated or CT No Residual | B14: B07,B08,B09 | C14: 0, 3, 4, 5-8 | D14: 10.516 | E14: 1.989 | F14: 0.146 | G14: 11.63 | H14: 0 | I14: 0 | J14: 0
A15: Non-Domestic Aggregated or CT Band 1 | B15: B10,B11,B12 | C15: 0, 3, 4, 5-8 | D15: 10.516 | E15: 1.989 | F15: 0.146 | G15: 14.21 | H15: 0 | I15: 0 | J15: 0
A16: Non-Domestic Aggregated or CT Band 2 | B16: B13,B14,B15 | C16: 0, 3, 4, 5-8 | D16: 10.516 | E16: 1.989 | F16: 0.146 | G16: 15.91 | H16: 0 | I16: 0 | J16: 0
A17: Non-Domestic Aggregated or CT Band 3 | B17: B16,B17,B18 | C17: 0, 3, 4, 5-8 | D17: 10.516 | E17: 1.989 | F17: 0.146 | G17: 20.79 | H17: 0 | I17: 0 | J17: 0
A18: Non-Domestic Aggregated or CT Band 4 | B18: B19,B20,B21 | C18: 0, 3, 4, 5-8 | D18: 10.516 | E18: 1.989 | F18: 0.146 | G18: 36.93 | H18: 0 | I18: 0 | J18: 0
A19: Non-Domestic Aggregated (related MPAN) | B19: B22,B23,B24 | C19: 4 | D19: 10.516 | E19: 1.989 | F19: 0.146 | G19: 0 | H19: 0 | I19: 0 | J19: 0
A20: LV Site Specific No Residual | B20: B25,B26,B27 | C20: 0 | D20: 6.621 | E20: 1.214 | F20: 0.087 | G20: 14.21 | H20: 7.72 | I20: 7.72 | J20: 0.184
A21: LV Site Specific Band 1 | B21: B28,B29,B30 | C21: 0 | D21: 6.621 | E21: 1.214 | F21: 0.087 | G21: 61.19 | H21: 7.72 | I21: 7.72 | J21: 0.184
A22: LV Site Specific Band 2 | B22: B31,B32,B33 | C22: 0 | D22: 6.621 | E22: 1.214 | F22: 0.087 | G22: 92.33 | H22: 7.72 | I22: 7.72 | J22: 0.184
A23: LV Site Specific Band 3 | B23: B34,B35,B36 | C23: 0 | D23: 6.621 | E23: 1.214 | F23: 0.087 | G23: 137.64 | H23: 7.72 | I23: 7.72 | J23: 0.184
A24: LV Site Specific Band 4 | B24: B37,B38,B39 | C24: 0 | D24: 6.621 | E24: 1.214 | F24: 0.087 | G24: 270.96 | H24: 7.72 | I24: 7.72 | J24: 0.184
A25: LV Sub Site Specific No Residual | B25: B40,B41 | C25: 0 | D25: 4.224 | E25: 0.718 | F25: 0.048 | G25: 11.08 | H25: 7.55 | I25: 7.55 | J25: 0.116
A26: LV Sub Site Specific Band 1 | B26: B42,B43 | C26: 0 | D26: 4.224 | E26: 0.718 | F26: 0.048 | G26: 58.06 | H26: 7.55 | I26: 7.55 | J26: 0.116
A27: LV Sub Site Specific Band 2 | B27: B44,B45 | C27: 0 | D27: 4.224 | E27: 0.718 | F27: 0.048 | G27: 89.21 | H27: 7.55 | I27: 7.55 | J27: 0.116
A28: LV Sub Site Specific Band 3 | B28: B46,B47 | C28: 0 | D28: 4.224 | E28: 0.718 | F28: 0.048 | G28: 134.51 | H28: 7.55 | I28: 7.55 | J28: 0.116
A29: LV Sub Site Specific Band 4 | B29: B48,B49 | C29: 0 | D29: 4.224 | E29: 0.718 | F29: 0.048 | G29: 267.83 | H29: 7.55 | I29: 7.55 | J29: 0.116
A30: HV Site Specific No Residual | B30: B50,B51 | C30: 0 | D30: 2.431 | E30: 0.37 | F30: 0.022 | G30: 102.53 | H30: 8.76 | I30: 8.76 | J30: 0.058
A31: HV Site Specific Band 1 | B31: B52,B53 | C31: 0 | D31: 2.431 | E31: 0.37 | F31: 0.022 | G31: 340.7 | H31: 8.76 | I31: 8.76 | J31: 0.058
... A34: HV Site Specific Band 4 | B34: B58,B59 | C34: 0 | D34: 2.431 | E34: 0.37 | F34: 0.022 | G34: 4161.88 | H34: 8.76 | I34: 8.76 | J34: 0.058
A35: Unmetered Supplies | B35: B60,B61,B62 | C35: 0, 1 or 8 | D35: 25.526 | E35: 3.538 | F35: 1.349 | G35: 0 | H35: 0 | I35: 0 | J35: 0
A36: LV Generation Aggregated | B36: B63,B64,B65 | C36: 0 | D36: -6.744 | E36: -1.276 | F36: -0.094 | G36: 0 | H36: 0 | I36: 0 | J36: 0
A37: LV Sub Generation Aggregated | B37: B66,B67 | C37: 0 | D37: -5.591 | E37: -1.037 | F37: -0.075 | G37: 0 | H37: 0 | I37: 0 | J37: 0
A38: LV Generation Site Specific | B38: B68,B69,B70 | C38: 0 | D38: -6.744 | E38: -1.276 | F38: -0.094 | G38: 0 | H38: 0 | I38: 0 | J38: 0.216
A39: LV Generation Site Specific no RP charge | B39: B71,B72,B73 | C39: 0 | D39: -6.744 | E39: -1.276 | F39: -0.094 | G39: 0 | H39: 0 | I39: 0 | J39: 0
A40: LV Sub Generation Site Specific | B40: B74,B75 | C40: 0 | D40: -5.591 | E40: -1.037 | F40: -0.075 | G40: 0 | H40: 0 | I40: 0 | J40: 0.16
A41: LV Sub Generation Site Specific no RP charge | B41: B76,B77 | C41: 0 | D41: -5.591 | E41: -1.037 | F41: -0.075 | G41: 0 | H41: 0 | I41: 0 | J41: 0
A42: HV Generation Site Specific | B42: B78,B79 | C42: 0 | D42: -3.414 | E42: -0.58 | F42: -0.039 | G42: 64.19 | H42: 0 | I42: 0 | J42: 0.133
A43: HV Generation Site Specific no RP charge | B43: B80,B81 | C43: 0 | D43: -3.414 | E43: -0.58 | F43: -0.039 | G43: 64.19 | H43: 0 | I43: 0 | J43: 0

Sheet Annex 2 Designated EHV charges
A1: Back to Overview | C1: Copy EDCM table 5001 range starting B101 and paste into G11. Extend or reduce print area as required. | F1: Note: The list of MPANs / MSIDs provided may be incomplete; the DNO reserves the right to apply the listed charges to any other MPANs / MSIDs associated with the site.
A2: =Overview!B4& " - Effective from "&[1]Overview!D4&" - "&Overview!E4&" Designated EHV charges" -> Aidien Limited - GSP_B - Effective from 1 April 2025 - Final Designated EHV charges
A4: Time Periods for Designated EHV Properties
A5: Time periods | D5: Super Red Time Band
A6: Monday to Friday (Including Bank Holidays) November to February Inclusive | D6: 16:00 to 19:00
A7: Notes | D7: All the above times are in UK Clock time
A10: Import Unique Identifier | B10: LLFC | C10: Import MPANs/MSIDs | D10: Export Unique Identifier | E10: LLFC | F10: Export MPANs/MSIDs | G10: Name | H10: Residual Charging Band | I10: Import Super Red unit charge (p/kWh) | J10: Import fixed charge (p/day) | K10: Import capacity charge (p/kVA/day) | L10: Import exceeded capacity charge (p/kVA/day) | M10: Export Super Red unit charge (p/kWh) | N10: Export fixed charge (p/day) | O10: Export capacity charge (p/kVA/day) | P10: Export exceeded capacity charge (p/kVA/day)

Sheet Annex 2a Import
A1: Note: The list of MPANs / MSIDs provided may be incomplete; the DNO reserves the right to apply the listed charges to any other MPANs / MSIDs associated with the site. Note: This table is automatically populated based on the content of the tab entitled 'Annex 2 EHV Charges'. The timebands are as shown in Annex 2.
A2: =Overview!B4& " - Effective from "&[1]Overview!D4&" - "&Overview!E4&" Designated EHV import charges" -> Aidien Limited - GSP_B - Effective from 1 April 2025 - Final Designated EHV import charges
A4: Import Unique Identifier | B4: LLFC | C4: Import MPANs/MSIDs | D4: Name | E4: ='Annex 2 Designated EHV charges'!I10 -> Import Super Red unit charge (p/kWh) | F4: ='Annex 2 Designated EHV charges'!J10 -> Import fixed charge (p/day) | G4: ='Annex 2 Designated EHV charges'!K10 -> Import capacity charge (p/kVA/day) | H4: ='Annex 2 Designated EHV charges'!L10 -> Import exceeded capacity charge (p/kVA/day)
A5: {=IFERROR(INDEX('Annex 2 Designated EHV charges'!$A$11:$A$400, MATCH(0, IF(ISBLANK('Annex 2 Designated EHV charges'!$A$11:$A$400),1, COUNTIF(A$4:$A4, 'Annex 2 Designated EHV charges'!$A$11:$A$400)), 0)),"")} | B5: =IF($A5="","",VLOOKUP($A5,'Annex 2 Designated EHV charges'!$A:$O,2,0)) | C5: =IF($A5="","",VLOOKUP($A5,'Annex 2 Designated EHV charges'!$A:$O,3,0)) | D5: =IF($A5="","",VLOOKUP($A5,'Annex 2 Designated EHV charges'!$A:$O,7,0)) | E5: =IFERROR(IF(VLOOKUP($A5,'Annex 2 Designated EHV charges'!$A:$P,COLUMN(E5)+4,FALSE)=0,"",VLOOKUP($A5,'Annex 2 Designated EHV charges'!$A:$P,COLUMN(E5)+4,FALSE)),"") | F5: =IFERROR(IF(VLOOKUP($A5,'Annex 2 Designated EHV charges'!$A:$P,COLUMN(F5)+4,FALSE)=0,"",VLOOKUP($A5,'Annex 2 Designated EHV charges'!$A:$P,COLUMN(F5)+4,FALSE)),"") | G5: =IFERROR(IF(VLOOKUP($A5,'Annex 2 Designated EHV charges'!$A:$P,COLUMN(G5)+4,FALSE)=0,"",VLOOKUP($A5,'Annex 2 Designated EHV charges'!$A:$P,COLUMN(G5)+4,FALSE)),"") | H5: =IFERROR(IF(VLOOKUP($A5,'Annex 2 Designated EHV charges'!$A:$P,COLUMN(H5)+4,FALSE)=0,"",VLOOKUP($A5,'Annex 2 Designated EHV charges'!$A:$P,COLUMN(H5)+4,FALSE)),"")
A6: {=IFERROR(INDEX('Annex 2 Designated EHV charges'!$A$11:$A$400, MATCH(0, IF(ISBLANK('Annex 2 Designated EHV charges'!$A$11:$A$400),1, COUNTIF(A$4:$A5, 'Annex 2 Designated EHV charges'!$A$11:$A$400)), 0)),"")} | B6: =IF($A6="","",VLOOKUP($A6,'Annex 2 Designated EHV charges'!$A:$O,2,0)) | C6: =IF($A6="","",VLOOKUP($A6,'Annex 2 Designated EHV charges'!$A:$O,3,0)) | D6: =IF($A6="","",VLOOKUP($A6,'Annex 2 Designated EHV charges'!$A:$O,7,0)) | E6: =IFERROR(IF(VLOOKUP($A6,'Annex 2 Designated EHV charges'!$A:$P,COLUMN(E6)+4,FALSE)=0,"",VLOOKUP($A6,'Annex 2 Designated EHV charges'!$A:$P,COLUMN(E6)+4,FALSE)),"") | F6: =IFERROR(IF(VLOOKUP($A6,'Annex 2 Designated EHV charges'!$A:$P,COLUMN(F6)+4,FALSE)=0,"",VLOOKUP($A6,'Annex 2 Designated EHV charges'!$A:$P,COLUMN(F6)+4,FALSE)),"") | G6: =IFERROR(IF(VLOOKUP($A6,'Annex 2 Designated EHV charges'!$A:$P,COLUMN(G6)+4,FALSE)=0,"",VLOOKUP($A6,'Annex 2 Designated EHV charges'!$A:$P,COLUMN(G6)+4,FALSE)),"") | H6: =IFERROR(IF(VLOOKUP($A6,'Annex 2 Designated EHV charges'!$A:$P,COLUMN(H6)+4,FALSE)=0,"",VLOOKUP($A6,'Annex 2 Designated EHV charges'!$A:$P,COLUMN(H6)+4,FALSE)),"")
A7: {=IFERROR(INDEX('Annex 2 Designated EHV charges'!$A$11:$A$400, MATCH(0, IF(ISBLANK('Annex 2 Designated EHV charges'!$A$11:$A$400),1, COUNTIF(A$4:$A6, 'Annex 2 Designated EHV charges'!$A$11:$A$400)), 0)),"")} | B7: =IF($A7="","",VLOOKUP($A7,'Annex 2 Designated EHV charges'!$A:$O,2,0)) | C7: =IF($A7="","",VLOOKUP($A7,'Annex 2 Designated EHV charges'!$A:$O,3,0)) | D7: =IF($A7="","",VLOOKUP($A7,'Annex 2 Designated EHV charges'!$A:$O,7,0)) | E7: =IFERROR(IF(VLOOKUP($A7,'Annex 2 Designated EHV charges'!$A:$P,COLUMN(E7)+4,FALSE)=0,"",VLOOKUP($A7,'Annex 2 Designated EHV charges'!$A:$P,COLUMN(E7)+4,FALSE)),"") | F7: =IFERROR(IF(VLOOKUP($A7,'Annex 2 Designated EHV charges'!$A:$P,COLUMN(F7)+4,FALSE)=0,"",VLOOKUP($A7,'Annex 2 Designated EHV charges'!$A:$P,COLUMN(F7)+4,FALSE)),"") | G7: =IFERROR(IF(VLOOKUP($A7,'Annex 2 Designated EHV charges'!$A:$P,COLUMN(G7)+4,FALSE)=0,"",VLOOKUP($A7,'Annex 2 Designated EHV charges'!$A:$P,COLUMN(G7)+4,FALSE)),"") | H7: =IFERROR(IF(VLOOKUP($A7,'Annex 2 Designated EHV charges'!$A:$P,COLUMN(H7)+4,FALSE)=0,"",VLOOKUP($A7,'Annex 2 Designated EHV charges'!$A:$P,COLUMN(H7)+4,FALSE)),"")
A8: {=IFERROR(INDEX('Annex 2 Designated EHV charges'!$A$11:$A$400, MATCH(0, IF(ISBLANK('Annex 2 Designated EHV charges'!$A$11:$A$400),1, COUNTIF(A$4:$A7, 'Annex 2 Designated EHV charges'!$A$11:$A$400)), 0)),"")} | B8: =IF($A8="","",VLOOKUP($A8,'Annex 2 Designated EHV charges'!$A:$O,2,0)) | C8: =IF($A8="","",VLOOKUP($A8,'Annex 2 Designated EHV charges'!$A:$O,3,0)) | D8: =IF($A8="","",VLOOKUP($A8,'Annex 2 Designated EHV charges'!$A:$O,7,0)) | E8: =IFERROR(IF(VLOOKUP($A8,'Annex 2 Designated EHV charges'!$A:$P,COLUMN(E8)+4,FALSE)=0,"",VLOOKUP($A8,'Annex 2 Designated EHV charges'!$A:$P,COLUMN(E8)+4,FALSE)),"") | F8: =IFERROR(IF(VLOOKUP($A8,'Annex 2 Designated EHV charges'!$A:$P,COLUMN(F8)+4,FALSE)=0,"",VLOOKUP($A8,'Annex 2 Designated EHV charges'!$A:$P,COLUMN(F8)+4,FALSE)),"") | G8: =IFERROR(IF(VLOOKUP($A8,'Annex 2 Designated EHV charges'!$A:$P,COLUMN(G8)+4,FALSE)=0,"",VLOOKUP($A8,'Annex 2 Designated EHV charges'!$A:$P,COLUMN(G8)+4,FALSE)),"") | H8: =IFERROR(IF(VLOOKUP($A8,'Annex 2 Designated EHV charges'!$A:$P,COLUMN(H8)+4,FALSE)=0,"",VLOOKUP($A8,'Annex 2 Designated EHV charges'!$A:$P,COLUMN(H8)+4,FALSE)),"")
A9: {=IFERROR(INDEX('Annex 2 Designated EHV charges'!$A$11:$A$400, MATCH(0, IF(ISBLANK('Annex 2 Designated EHV charges'!$A$11:$A$400),1, COUNTIF(A$4:$A8, 'Annex 2 Designated EHV charges'!$A$11:$A$400)), 0)),"")} | B9: =IF($A9="","",VLOOKUP($A9,'Annex 2 Designated EHV charges'!$A:$O,2,0)) | C9: =IF($A9="","",VLOOKUP($A9,'Annex 2 Designated EHV charges'!$A:$O,3,0)) | D9: =IF($A9="","",VLOOKUP($A9,'Annex 2 Designated EHV charges'!$A:$O,7,0)) | E9: =IFERROR(IF(VLOOKUP($A9,'Annex 2 Designated EHV charges'!$A:$P,COLUMN(E9)+4,FALSE)=0,"",VLOOKUP($A9,'Annex 2 Designated EHV charges'!$A:$P,COLUMN(E9)+4,FALSE)),"") | F9: =IFERROR(IF(VLOOKUP($A9,'Annex 2 Designated EHV charges'!$A:$P,COLUMN(F9)+4,FALSE)=0,"",VLOOKUP($A9,'Annex 2 Designated EHV charges'!$A:$P,COLUMN(F9)+4,FALSE)),"") | G9: =IFERROR(IF(VLOOKUP($A9,'Annex 2 Designated EHV charges'!$A:$P,COLUMN(G9)+4,FALSE)=0,"",VLOOKUP($A9,'Annex 2 Designated EHV charges'!$A:$P,COLUMN(G9)+4,FALSE)),"") | H9: =IFERROR(IF(VLOOKUP($A9,'Annex 2 Designated EHV charges'!$A:$P,COLUMN(H9)+4,FALSE)=0,"",VLOOKUP($A9,'Annex 2 Designated EHV charges'!$A:$P,COLUMN(H9)+4,FALSE)),"")
A10: {=IFERROR(INDEX('Annex 2 Designated EHV charges'!$A$11:$A$400, MATCH(0, IF(ISBLANK('Annex 2 Designated EHV charges'!$A$11:$A$400),1, COUNTIF(A$4:$A9, 'Annex 2 Designated EHV charges'!$A$11:$A$400)), 0)),"")} | B10: =IF($A10="","",VLOOKUP($A10,'Annex 2 Designated EHV charges'!$A:$O,2,0)) | C10: =IF($A10="","",VLOOKUP($A10,'Annex 2 Designated EHV charges'!$A:$O,3,0)) | D10: =IF($A10="","",VLOOKUP($A10,'Annex 2 Designated EHV charges'!$A:$O,7,0)) | E10: =IFERROR(IF(VLOOKUP($A10,'Annex 2 Designated EHV charges'!$A:$P,COLUMN(E10)+4,FALSE)=0,"",VLOOKUP($A10,'Annex 2 Designated EHV charges'!$A:$P,COLUMN(E10)+4,FALSE)),"") | F10: =IFERROR(IF(VLOOKUP($A10,'Annex 2 Designated EHV charges'!$A:$P,COLUMN(F10)+4,FALSE)=0,"",VLOOKUP($A10,'Annex 2 Designated EHV charges'!$A:$P,COLUMN(F10)+4,FALSE)),"") | G10: =IFERROR(IF(VLOOKUP($A10,'Annex 2 Designated EHV charges'!$A:$P,COLUMN(G10)+4,FALSE)=0,"",VLOOKUP($A10,'Annex 2 Designated EHV charges'!$A:$P,COLUMN(G10)+4,FALSE)),"") | H10: =IFERROR(IF(VLOOKUP($A10,'Annex 2 Designated EHV charges'!$A:$P,COLUMN(H10)+4,FALSE)=0,"",VLOOKUP($A10,'Annex 2 Designated EHV charges'!$A:$P,COLUMN(H10)+4,FALSE)),"")
A11: {=IFERROR(INDEX('Annex 2 Designated EHV charges'!$A$11:$A$400, MATCH(0, IF(ISBLANK('Annex 2 Designated EHV charges'!$A$11:$A$400),1, COUNTIF(A$4:$A10, 'Annex 2 Designated EHV charges'!$A$11:$A$400)), 0)),"")} | B11: =IF($A11="","",VLOOKUP($A11,'Annex 2 Designated EHV charges'!$A:$O,2,0)) | C11: =IF($A11="","",VLOOKUP($A11,'Annex 2 Designated EHV charges'!$A:$O,3,0)) | D11: =IF($A11="","",VLOOKUP($A11,'Annex 2 Designated EHV charges'!$A:$O,7,0)) | E11: =IFERROR(IF(VLOOKUP($A11,'Annex 2 Designated EHV charges'!$A:$P,COLUMN(E11)+4,FALSE)=0,"",VLOOKUP($A11,'Annex 2 Designated EHV charges'!$A:$P,COLUMN(E11)+4,FALSE)),"") | F11: =IFERROR(IF(VLOOKUP($A11,'Annex 2 Designated EHV charges'!$A:$P,COLUMN(F11)+4,FALSE)=0,"",VLOOKUP($A11,'Annex 2 Designated EHV charges'!$A:$P,COLUMN(F11)+4,FALSE)),"") | G11: =IFERROR(IF(VLOOKUP($A11,'Annex 2 Designated EHV charges'!$A:$P,COLUMN(G11)+4,FALSE)=0,"",VLOOKUP($A11,'Annex 2 Designated EHV charges'!$A:$P,COLUMN(G11)+4,FALSE)),"") | H11: =IFERROR(IF(VLOOKUP($A11,'Annex 2 Designated EHV charges'!$A:$P,COLUMN(H11)+4,FALSE)=0,"",VLOOKUP($A11,'Annex 2 Designated EHV charges'!$A:$P,COLUMN(H11)+4,FALSE)),"")
A12: {=IFERROR(INDEX('Annex 2 Designated EHV charges'!$A$11:$A$400, MATCH(0, IF(ISBLANK('Annex 2 Designated EHV charges'!$A$11:$A$400),1, COUNTIF(A$4:$A11, 'Annex 2 Designated EHV charges'!$A$11:$A$400)), 0)),"")} | B12: =IF($A12="","",VLOOKUP($A12,'Annex 2 Designated EHV charges'!$A:$O,2,0)) | C12: =IF($A12="","",VLOOKUP($A12,'Annex 2 Designated EHV charges'!$A:$O,3,0)) | D12: =IF($A12="","",VLOOKUP($A12,'Annex 2 Designated EHV charges'!$A:$O,7,0)) | E12: =IFERROR(IF(VLOOKUP($A12,'Annex 2 Designated EHV charges'!$A:$P,COLUMN(E12)+4,FALSE)=0,"",VLOOKUP($A12,'Annex 2 Designated EHV charges'!$A:$P,COLUMN(E12)+4,FALSE)),"") | F12: =IFERROR(IF(VLOOKUP($A12,'Annex 2 Designated EHV charges'!$A:$P,COLUMN(F12)+4,FALSE)=0,"",VLOOKUP($A12,'Annex 2 Designated EHV charges'!$A:$P,COLUMN(F12)+4,FALSE)),"") | G12: =IFERROR(IF(VLOOKUP($A12,'Annex 2 Designated EHV charges'!$A:$P,COLUMN(G12)+4,FALSE)=0,"",VLOOKUP($A12,'Annex 2 Designated EHV charges'!$A:$P,COLUMN(G12)+4,FALSE)),"") | H12: =IFERROR(IF(VLOOKUP($A12,'Annex 2 Designated EHV charges'!$A:$P,COLUMN(H12)+4,FALSE)=0,"",VLOOKUP($A12,'Annex 2 Designated EHV charges'!$A:$P,COLUMN(H12)+4,FALSE)),"")
A13: {=IFERROR(INDEX('Annex 2 Designated EHV charges'!$A$11:$A$400, MATCH(0, IF(ISBLANK('Annex 2 Designated EHV charges'!$A$11:$A$400),1, COUNTIF(A$4:$A12, 'Annex 2 Designated EHV charges'!$A$11:$A$400)), 0)),"")} | B13: =IF($A13="","",VLOOKUP($A13,'Annex 2 Designated EHV charges'!$A:$O,2,0)) | C13: =IF($A13="","",VLOOKUP($A13,'Annex 2 Designated EHV charges'!$A:$O,3,0)) | D13: =IF($A13="","",VLOOKUP($A13,'Annex 2 Designated EHV charges'!$A:$O,7,0)) | E13: =IFERROR(IF(VLOOKUP($A13,'Annex 2 Designated EHV charges'!$A:$P,COLUMN(E13)+4,FALSE)=0,"",VLOOKUP($A13,'Annex 2 Designated EHV charges'!$A:$P,COLUMN(E13)+4,FALSE)),"") | F13: =IFERROR(IF(VLOOKUP($A13,'Annex 2 Designated EHV charges'!$A:$P,COLUMN(F13)+4,FALSE)=0,"",VLOOKUP($A13,'Annex 2 Designated EHV charges'!$A:$P,COLUMN(F13)+4,FALSE)),"") | G13: =IFERROR(IF(VLOOKUP($A13,'Annex 2 Designated EHV charges'!$A:$P,COLUMN(G13)+4,FALSE)=0,"",VLOOKUP($A13,'Annex 2 Designated EHV charges'!$A:$P,COLUMN(G13)+4,FALSE)),"") | H13: =IFERROR(IF(VLOOKUP($A13,'Annex 2 Designated EHV charges'!$A:$P,COLUMN(H13)+4,FALSE)=0,"",VLOOKUP($A13,'Annex 2 Designated EHV charges'!$A:$P,COLUMN(H13)+4,FALSE)),"")
A14: {=IFERROR(INDEX('Annex 2 Designated EHV charges'!$A$11:$A$400, MATCH(0, IF(ISBLANK('Annex 2 Designated EHV charges'!$A$11:$A$400),1, COUNTIF(A$4:$A13, 'Annex 2 Designated EHV charges'!$A$11:$A$400)), 0)),"")} | B14: =IF($A14="","",VLOOKUP($A14,'Annex 2 Designated EHV charges'!$A:$O,2,0)) | C14: =IF($A14="","",VLOOKUP($A14,'Annex 2 Designated EHV charges'!$A:$O,3,0)) | D14: =IF($A14="","",VLOOKUP($A14,'Annex 2 Designated EHV charges'!$A:$O,7,0)) | E14: =IFERROR(IF(VLOOKUP($A14,'Annex 2 Designated EHV charges'!$A:$P,COLUMN(E14)+4,FALSE)=0,"",VLOOKUP($A14,'Annex 2 Designated EHV charges'!$A:$P,COLUMN(E14)+4,FALSE)),"") | F14: =IFERROR(IF(VLOOKUP($A14,'Annex 2 Designated EHV charges'!$A:$P,COLUMN(F14)+4,FALSE)=0,"",VLOOKUP($A14,'Annex 2 Designated EHV charges'!$A:$P,COLUMN(F14)+4,FALSE)),"") | G14: =IFERROR(IF(VLOOKUP($A14,'Annex 2 Designated EHV charges'!$A:$P,COLUMN(G14)+4,FALSE)=0,"",VLOOKUP($A14,'Annex 2 Designated EHV charges'!$A:$P,COLUMN(G14)+4,FALSE)),"") | H14: =IFERROR(IF(VLOOKUP($A14,'Annex 2 Designated EHV charges'!$A:$P,COLUMN(H14)+4,FALSE)=0,"",VLOOKUP($A14,'Annex 2 Designated EHV charges'!$A:$P,COLUMN(H14)+4,FALSE)),"")
A15: {=IFERROR(INDEX('Annex 2 Designated EHV charges'!$A$11:$A$400, MATCH(0, IF(ISBLANK('Annex 2 Designated EHV charges'!$A$11:$A$400),1, COUNTIF(A$4:$A14, 'Annex 2 Designated EHV charges'!$A$11:$A$400)), 0)),"")} | B15: =IF($A15="","",VLOOKUP($A15,'Annex 2 Designated EHV charges'!$A:$O,2,0)) | C15: =IF($A15="","",VLOOKUP($A15,'Annex 2 Designated EHV charges'!$A:$O,3,0)) | D15: =IF($A15="","",VLOOKUP($A15,'Annex 2 Designated EHV charges'!$A:$O,7,0)) | E15: =IFERROR(IF(VLOOKUP($A15,'Annex 2 Designated EHV charges'!$A:$P,COLUMN(E15)+4,FALSE)=0,"",VLOOKUP($A15,'Annex 2 Designated EHV charges'!$A:$P,COLUMN(E15)+4,FALSE)),"") | F15: =IFERROR(IF(VLOOKUP($A15,'Annex 2 Designated EHV charges'!$A:$P,COLUMN(F15)+4,FALSE)=0,"",VLOOKUP($A15,'Annex 2 Designated EHV charges'!$A:$P,COLUMN(F15)+4,FALSE)),"") | G15: =IFERROR(IF(VLOOKUP($A15,'Annex 2 Designated EHV charges'!$A:$P,COLUMN(G15)+4,FALSE)=0,"",VLOOKUP($A15,'Annex 2 Designated EHV charges'!$A:$P,COLUMN(G15)+4,FALSE)),"") | H15: =IFERROR(IF(VLOOKUP($A15,'Annex 2 Designated EHV charges'!$A:$P,COLUMN(H15)+4,FALSE)=0,"",VLOOKUP($A15,'Annex 2 Designated EHV charges'!$A:$P,COLUMN(H15)+4,FALSE)),"")
A16: {=IFERROR(INDEX('Annex 2 Designated EHV charges'!$A$11:$A$400, MATCH(0, IF(ISBLANK('Annex 2 Designated EHV charges'!$A$11:$A$400),1, COUNTIF(A$4:$A15, 'Annex 2 Designated EHV charges'!$A$11:$A$400)), 0)),"")} | B16: =IF($A16="","",VLOOKUP($A16,'Annex 2 Designated EHV charges'!$A:$O,2,0)) | C16: =IF($A16="","",VLOOKUP($A16,'Annex 2 Designated EHV charges'!$A:$O,3,0)) | D16: =IF($A16="","",VLOOKUP($A16,'Annex 2 Designated EHV charges'!$A:$O,7,0)) | E16: =IFERROR(IF(VLOOKUP($A16,'Annex 2 Designated EHV charges'!$A:$P,COLUMN(E16)+4,FALSE)=0,"",VLOOKUP($A16,'Annex 2 Designated EHV charges'!$A:$P,COLUMN(E16)+4,FALSE)),"") | F16: =IFERROR(IF(VLOOKUP($A16,'Annex 2 Designated EHV charges'!$A:$P,COLUMN(F16)+4,FALSE)=0,"",VLOOKUP($A16,'Annex 2 Designated EHV charges'!$A:$P,COLUMN(F16)+4,FALSE)),"") | G16: =IFERROR(IF(VLOOKUP($A16,'Annex 2 Designated EHV charges'!$A:$P,COLUMN(G16)+4,FALSE)=0,"",VLOOKUP($A16,'Annex 2 Designated EHV charges'!$A:$P,COLUMN(G16)+4,FALSE)),"") | H16: =IFERROR(IF(VLOOKUP($A16,'Annex 2 Designated EHV charges'!$A:$P,COLUMN(H16)+4,FALSE)=0,"",VLOOKUP($A16,'Annex 2 Designated EHV charges'!$A:$P,COLUMN(H16)+4,FALSE)),"")
... A330: {=IFERROR(INDEX('Annex 2 Designated EHV charges'!$A$11:$A$400, MATCH(0, IF(ISBLANK('Annex 2 Designated EHV charges'!$A$11:$A$400),1, COUNTIF(A$4:$A329, 'Annex 2 Designated EHV charges'!$A$11:$A$400)), 0)),"")} | B330: =IF($A330="","",VLOOKUP($A330,'Annex 2 Designated EHV charges'!$A:$O,2,0)) | C330: =IF($A330="","",VLOOKUP($A330,'Annex 2 Designated EHV charges'!$A:$O,3,0)) | D330: =IF($A330="","",VLOOKUP($A330,'Annex 2 Designated EHV charges'!$A:$O,7,0)) | E330: =IFERROR(IF(VLOOKUP($A330,'Annex 2 Designated EHV charges'!$A:$P,COLUMN(E330)+4,FALSE)=0,"",VLOOKUP($A330,'Annex 2 Designated EHV charges'!$A:$P,COLUMN(E330)+4,FALSE)),"") | F330: =IFERROR(IF(VLOOKUP($A330,'Annex 2 Designated EHV charges'!$A:$P,COLUMN(F330)+4,FALSE)=0,"",VLOOKUP($A330,'Annex 2 Designated EHV charges'!$A:$P,COLUMN(F330)+4,FALSE)),"") | G330: =IFERROR(IF(VLOOKUP($A330,'Annex 2 Designated EHV charges'!$A:$P,COLUMN(G330)+4,FALSE)=0,"",VLOOKUP($A330,'Annex 2 Designated EHV charges'!$A:$P,COLUMN(G330)+4,FALSE)),"") | H330: =IFERROR(IF(VLOOKUP($A330,'Annex 2 Designated EHV charges'!$A:$P,COLUMN(H330)+4,FALSE)=0,"",VLOOKUP($A330,'Annex 2 Designated EHV charges'!$A:$P,COLUMN(H330)+4,FALSE)),"")

Sheet Annex 2b Export
A1: Note: The list of MPANs / MSIDs provided may be incomplete; the DNO reserves the right to apply the listed charges to any other MPANs / MSIDs associated with the site. Note: This table is automatically populated based on the content of the tab entitled 'Annex 2 EHV Charges'. The timebands are as shown in Annex 2.
A2: =Overview!B4& " - Effective from "&Overview!D4&" - "&[1]Overview!E4&" Designated EHV export charges" -> Aidien Limited - GSP_B - Effective from 1 April 2025 - Final Designated EHV export charges
A4: Export Unique Identifier | B4: LLFC | C4: Export MPANs/MSIDs | D4: Name | E4: ='Annex 2 Designated EHV charges'!M10 -> Export Super Red unit charge (p/kWh) | F4: ='Annex 2 Designated EHV charges'!N10 -> Export fixed charge (p/day) | G4: ='Annex 2 Designated EHV charges'!O10 -> Export capacity charge (p/kVA/day) | H4: ='Annex 2 Designated EHV charges'!P10 -> Export exceeded capacity charge (p/kVA/day)
A5: {=IFERROR(INDEX('Annex 2 Designated EHV charges'!$D$11:$D$400, MATCH(0, IF(ISBLANK('Annex 2 Designated EHV charges'!$D$11:$D$400),1, COUNTIF(A$4:$A4, 'Annex 2 Designated EHV charges'!$D$11:$D$400)), 0)),"")} | B5: =IF($A5="","",VLOOKUP($A5,'Annex 2 Designated EHV charges'!$D:$O,2,0)) | C5: =IF($A5="","",VLOOKUP($A5,'Annex 2 Designated EHV charges'!$D:$O,3,0)) | D5: =IF($A5="","",VLOOKUP($A5,'Annex 2 Designated EHV charges'!$D:$O,4,0)) | E5: =IFERROR(IF(VLOOKUP($A5,'Annex 2 Designated EHV charges'!$D:$P,COLUMN(E5)+5,FALSE)=0,"",VLOOKUP($A5,'Annex 2 Designated EHV charges'!$D:$P,COLUMN(E5)+5,FALSE)),"") | F5: =IFERROR(IF(VLOOKUP($A5,'Annex 2 Designated EHV charges'!$D:$P,COLUMN(F5)+5,FALSE)=0,"",VLOOKUP($A5,'Annex 2 Designated EHV charges'!$D:$P,COLUMN(F5)+5,FALSE)),"") | G5: =IFERROR(IF(VLOOKUP($A5,'Annex 2 Designated EHV charges'!$D:$P,COLUMN(G5)+5,FALSE)=0,"",VLOOKUP($A5,'Annex 2 Designated EHV charges'!$D:$P,COLUMN(G5)+5,FALSE)),"") | H5: =IFERROR(IF(VLOOKUP($A5,'Annex 2 Designated EHV charges'!$D:$P,COLUMN(H5)+5,FALSE)=0,"",VLOOKUP($A5,'Annex 2 Designated EHV charges'!$D:$P,COLUMN(H5)+5,FALSE)),"")
A6: {=IFERROR(INDEX('Annex 2 Designated EHV charges'!$D$11:$D$400, MATCH(0, IF(ISBLANK('Annex 2 Designated EHV charges'!$D$11:$D$400),1, COUNTIF(A$4:$A5, 'Annex 2 Designated EHV charges'!$D$11:$D$400)), 0)),"")} | B6: =IF($A6="","",VLOOKUP($A6,'Annex 2 Designated EHV charges'!$D:$O,2,0)) | C6: =IF($A6="","",VLOOKUP($A6,'Annex 2 Designated EHV charges'!$D:$O,3,0)) | D6: =IF($A6="","",VLOOKUP($A6,'Annex 2 Designated EHV charges'!$D:$O,4,0)) | E6: =IFERROR(IF(VLOOKUP($A6,'Annex 2 Designated EHV charges'!$D:$P,COLUMN(E6)+5,FALSE)=0,"",VLOOKUP($A6,'Annex 2 Designated EHV charges'!$D:$P,COLUMN(E6)+5,FALSE)),"") | F6: =IFERROR(IF(VLOOKUP($A6,'Annex 2 Designated EHV charges'!$D:$P,COLUMN(F6)+5,FALSE)=0,"",VLOOKUP($A6,'Annex 2 Designated EHV charges'!$D:$P,COLUMN(F6)+5,FALSE)),"") | G6: =IFERROR(IF(VLOOKUP($A6,'Annex 2 Designated EHV charges'!$D:$P,COLUMN(G6)+5,FALSE)=0,"",VLOOKUP($A6,'Annex 2 Designated EHV charges'!$D:$P,COLUMN(G6)+5,FALSE)),"") | H6: =IFERROR(IF(VLOOKUP($A6,'Annex 2 Designated EHV charges'!$D:$P,COLUMN(H6)+5,FALSE)=0,"",VLOOKUP($A6,'Annex 2 Designated EHV charges'!$D:$P,COLUMN(H6)+5,FALSE)),"")
A7: {=IFERROR(INDEX('Annex 2 Designated EHV charges'!$D$11:$D$400, MATCH(0, IF(ISBLANK('Annex 2 Designated EHV charges'!$D$11:$D$400),1, COUNTIF(A$4:$A6, 'Annex 2 Designated EHV charges'!$D$11:$D$400)), 0)),"")} | B7: =IF($A7="","",VLOOKUP($A7,'Annex 2 Designated EHV charges'!$D:$O,2,0)) | C7: =IF($A7="","",VLOOKUP($A7,'Annex 2 Designated EHV charges'!$D:$O,3,0)) | D7: =IF($A7="","",VLOOKUP($A7,'Annex 2 Designated EHV charges'!$D:$O,4,0)) | E7: =IFERROR(IF(VLOOKUP($A7,'Annex 2 Designated EHV charges'!$D:$P,COLUMN(E7)+5,FALSE)=0,"",VLOOKUP($A7,'Annex 2 Designated EHV charges'!$D:$P,COLUMN(E7)+5,FALSE)),"") | F7: =IFERROR(IF(VLOOKUP($A7,'Annex 2 Designated EHV charges'!$D:$P,COLUMN(F7)+5,FALSE)=0,"",VLOOKUP($A7,'Annex 2 Designated EHV charges'!$D:$P,COLUMN(F7)+5,FALSE)),"") | G7: =IFERROR(IF(VLOOKUP($A7,'Annex 2 Designated EHV charges'!$D:$P,COLUMN(G7)+5,FALSE)=0,"",VLOOKUP($A7,'Annex 2 Designated EHV charges'!$D:$P,COLUMN(G7)+5,FALSE)),"") | H7: =IFERROR(IF(VLOOKUP($A7,'Annex 2 Designated EHV charges'!$D:$P,COLUMN(H7)+5,FALSE)=0,"",VLOOKUP($A7,'Annex 2 Designated EHV charges'!$D:$P,COLUMN(H7)+5,FALSE)),"")
A8: {=IFERROR(INDEX('Annex 2 Designated EHV charges'!$D$11:$D$400, MATCH(0, IF(ISBLANK('Annex 2 Designated EHV charges'!$D$11:$D$400),1, COUNTIF(A$4:$A7, 'Annex 2 Designated EHV charges'!$D$11:$D$400)), 0)),"")} | B8: =IF($A8="","",VLOOKUP($A8,'Annex 2 Designated EHV charges'!$D:$O,2,0)) | C8: =IF($A8="","",VLOOKUP($A8,'Annex 2 Designated EHV charges'!$D:$O,3,0)) | D8: =IF($A8="","",VLOOKUP($A8,'Annex 2 Designated EHV charges'!$D:$O,4,0)) | E8: =IFERROR(IF(VLOOKUP($A8,'Annex 2 Designated EHV charges'!$D:$P,COLUMN(E8)+5,FALSE)=0,"",VLOOKUP($A8,'Annex 2 Designated EHV charges'!$D:$P,COLUMN(E8)+5,FALSE)),"") | F8: =IFERROR(IF(VLOOKUP($A8,'Annex 2 Designated EHV charges'!$D:$P,COLUMN(F8)+5,FALSE)=0,"",VLOOKUP($A8,'Annex 2 Designated EHV charges'!$D:$P,COLUMN(F8)+5,FALSE)),"") | G8: =IFERROR(IF(VLOOKUP($A8,'Annex 2 Designated EHV charges'!$D:$P,COLUMN(G8)+5,FALSE)=0,"",VLOOKUP($A8,'Annex 2 Designated EHV charges'!$D:$P,COLUMN(G8)+5,FALSE)),"") | H8: =IFERROR(IF(VLOOKUP($A8,'Annex 2 Designated EHV charges'!$D:$P,COLUMN(H8)+5,FALSE)=0,"",VLOOKUP($A8,'Annex 2 Designated EHV charges'!$D:$P,COLUMN(H8)+5,FALSE)),"")
A9: {=IFERROR(INDEX('Annex 2 Designated EHV charges'!$D$11:$D$400, MATCH(0, IF(ISBLANK('Annex 2 Designated EHV charges'!$D$11:$D$400),1, COUNTIF(A$4:$A8, 'Annex 2 Designated EHV charges'!$D$11:$D$400)), 0)),"")} | B9: =IF($A9="","",VLOOKUP($A9,'Annex 2 Designated EHV charges'!$D:$O,2,0)) | C9: =IF($A9="","",VLOOKUP($A9,'Annex 2 Designated EHV charges'!$D:$O,3,0)) | D9: =IF($A9="","",VLOOKUP($A9,'Annex 2 Designated EHV charges'!$D:$O,4,0)) | E9: =IFERROR(IF(VLOOKUP($A9,'Annex 2 Designated EHV charges'!$D:$P,COLUMN(E9)+5,FALSE)=0,"",VLOOKUP($A9,'Annex 2 Designated EHV charges'!$D:$P,COLUMN(E9)+5,FALSE)),"") | F9: =IFERROR(IF(VLOOKUP($A9,'Annex 2 Designated EHV charges'!$D:$P,COLUMN(F9)+5,FALSE)=0,"",VLOOKUP($A9,'Annex 2 Designated EHV charges'!$D:$P,COLUMN(F9)+5,FALSE)),"") | G9: =IFERROR(IF(VLOOKUP($A9,'Annex 2 Designated EHV charges'!$D:$P,COLUMN(G9)+5,FALSE)=0,"",VLOOKUP($A9,'Annex 2 Designated EHV charges'!$D:$P,COLUMN(G9)+5,FALSE)),"") | H9: =IFERROR(IF(VLOOKUP($A9,'Annex 2 Designated EHV charges'!$D:$P,COLUMN(H9)+5,FALSE)=0,"",VLOOKUP($A9,'Annex 2 Designated EHV charges'!$D:$P,COLUMN(H9)+5,FALSE)),"")
A10: {=IFERROR(INDEX('Annex 2 Designated EHV charges'!$D$11:$D$400, MATCH(0, IF(ISBLANK('Annex 2 Designated EHV charges'!$D$11:$D$400),1, COUNTIF(A$4:$A9, 'Annex 2 Designated EHV charges'!$D$11:$D$400)), 0)),"")} | B10: =IF($A10="","",VLOOKUP($A10,'Annex 2 Designated EHV charges'!$D:$O,2,0)) | C10: =IF($A10="","",VLOOKUP($A10,'Annex 2 Designated EHV charges'!$D:$O,3,0)) | D10: =IF($A10="","",VLOOKUP($A10,'Annex 2 Designated EHV charges'!$D:$O,4,0)) | E10: =IFERROR(IF(VLOOKUP($A10,'Annex 2 Designated EHV charges'!$D:$P,COLUMN(E10)+5,FALSE)=0,"",VLOOKUP($A10,'Annex 2 Designated EHV charges'!$D:$P,COLUMN(E10)+5,FALSE)),"") | F10: =IFERROR(IF(VLOOKUP($A10,'Annex 2 Designated EHV charges'!$D:$P,COLUMN(F10)+5,FALSE)=0,"",VLOOKUP($A10,'Annex 2 Designated EHV charges'!$D:$P,COLUMN(F10)+5,FALSE)),"") | G10: =IFERROR(IF(VLOOKUP($A10,'Annex 2 Designated EHV charges'!$D:$P,COLUMN(G10)+5,FALSE)=0,"",VLOOKUP($A10,'Annex 2 Designated EHV charges'!$D:$P,COLUMN(G10)+5,FALSE)),"") | H10: =IFERROR(IF(VLOOKUP($A10,'Annex 2 Designated EHV charges'!$D:$P,COLUMN(H10)+5,FALSE)=0,"",VLOOKUP($A10,'Annex 2 Designated EHV charges'!$D:$P,COLUMN(H10)+5,FALSE)),"")
A11: {=IFERROR(INDEX('Annex 2 Designated EHV charges'!$D$11:$D$400, MATCH(0, IF(ISBLANK('Annex 2 Designated EHV charges'!$D$11:$D$400),1, COUNTIF(A$4:$A10, 'Annex 2 Designated EHV charges'!$D$11:$D$400)), 0)),"")} | B11: =IF($A11="","",VLOOKUP($A11,'Annex 2 Designated EHV charges'!$D:$O,2,0)) | C11: =IF($A11="","",VLOOKUP($A11,'Annex 2 Designated EHV charges'!$D:$O,3,0)) | D11: =IF($A11="","",VLOOKUP($A11,'Annex 2 Designated EHV charges'!$D:$O,4,0)) | E11: =IFERROR(IF(VLOOKUP($A11,'Annex 2 Designated EHV charges'!$D:$P,COLUMN(E11)+5,FALSE)=0,"",VLOOKUP($A11,'Annex 2 Designated EHV charges'!$D:$P,COLUMN(E11)+5,FALSE)),"") | F11: =IFERROR(IF(VLOOKUP($A11,'Annex 2 Designated EHV charges'!$D:$P,COLUMN(F11)+5,FALSE)=0,"",VLOOKUP($A11,'Annex 2 Designated EHV charges'!$D:$P,COLUMN(F11)+5,FALSE)),"") | G11: =IFERROR(IF(VLOOKUP($A11,'Annex 2 Designated EHV charges'!$D:$P,COLUMN(G11)+5,FALSE)=0,"",VLOOKUP($A11,'Annex 2 Designated EHV charges'!$D:$P,COLUMN(G11)+5,FALSE)),"") | H11: =IFERROR(IF(VLOOKUP($A11,'Annex 2 Designated EHV charges'!$D:$P,COLUMN(H11)+5,FALSE)=0,"",VLOOKUP($A11,'Annex 2 Designated EHV charges'!$D:$P,COLUMN(H11)+5,FALSE)),"")
A12: {=IFERROR(INDEX('Annex 2 Designated EHV charges'!$D$11:$D$400, MATCH(0, IF(ISBLANK('Annex 2 Designated EHV charges'!$D$11:$D$400),1, COUNTIF(A$4:$A11, 'Annex 2 Designated EHV charges'!$D$11:$D$400)), 0)),"")} | B12: =IF($A12="","",VLOOKUP($A12,'Annex 2 Designated EHV charges'!$D:$O,2,0)) | C12: =IF($A12="","",VLOOKUP($A12,'Annex 2 Designated EHV charges'!$D:$O,3,0)) | D12: =IF($A12="","",VLOOKUP($A12,'Annex 2 Designated EHV charges'!$D:$O,4,0)) | E12: =IFERROR(IF(VLOOKUP($A12,'Annex 2 Designated EHV charges'!$D:$P,COLUMN(E12)+5,FALSE)=0,"",VLOOKUP($A12,'Annex 2 Designated EHV charges'!$D:$P,COLUMN(E12)+5,FALSE)),"") | F12: =IFERROR(IF(VLOOKUP($A12,'Annex 2 Designated EHV charges'!$D:$P,COLUMN(F12)+5,FALSE)=0,"",VLOOKUP($A12,'Annex 2 Designated EHV charges'!$D:$P,COLUMN(F12)+5,FALSE)),"") | G12: =IFERROR(IF(VLOOKUP($A12,'Annex 2 Designated EHV charges'!$D:$P,COLUMN(G12)+5,FALSE)=0,"",VLOOKUP($A12,'Annex 2 Designated EHV charges'!$D:$P,COLUMN(G12)+5,FALSE)),"") | H12: =IFERROR(IF(VLOOKUP($A12,'Annex 2 Designated EHV charges'!$D:$P,COLUMN(H12)+5,FALSE)=0,"",VLOOKUP($A12,'Annex 2 Designated EHV charges'!$D:$P,COLUMN(H12)+5,FALSE)),"")
A13: {=IFERROR(INDEX('Annex 2 Designated EHV charges'!$D$11:$D$400, MATCH(0, IF(ISBLANK('Annex 2 Designated EHV charges'!$D$11:$D$400),1, COUNTIF(A$4:$A12, 'Annex 2 Designated EHV charges'!$D$11:$D$400)), 0)),"")} | B13: =IF($A13="","",VLOOKUP($A13,'Annex 2 Designated EHV charges'!$D:$O,2,0)) | C13: =IF($A13="","",VLOOKUP($A13,'Annex 2 Designated EHV charges'!$D:$O,3,0)) | D13: =IF($A13="","",VLOOKUP($A13,'Annex 2 Designated EHV charges'!$D:$O,4,0)) | E13: =IFERROR(IF(VLOOKUP($A13,'Annex 2 Designated EHV charges'!$D:$P,COLUMN(E13)+5,FALSE)=0,"",VLOOKUP($A13,'Annex 2 Designated EHV charges'!$D:$P,COLUMN(E13)+5,FALSE)),"") | F13: =IFERROR(IF(VLOOKUP($A13,'Annex 2 Designated EHV charges'!$D:$P,COLUMN(F13)+5,FALSE)=0,"",VLOOKUP($A13,'Annex 2 Designated EHV charges'!$D:$P,COLUMN(F13)+5,FALSE)),"") | G13: =IFERROR(IF(VLOOKUP($A13,'Annex 2 Designated EHV charges'!$D:$P,COLUMN(G13)+5,FALSE)=0,"",VLOOKUP($A13,'Annex 2 Designated EHV charges'!$D:$P,COLUMN(G13)+5,FALSE)),"") | H13: =IFERROR(IF(VLOOKUP($A13,'Annex 2 Designated EHV charges'!$D:$P,COLUMN(H13)+5,FALSE)=0,"",VLOOKUP($A13,'Annex 2 Designated EHV charges'!$D:$P,COLUMN(H13)+5,FALSE)),"")
A14: {=IFERROR(INDEX('Annex 2 Designated EHV charges'!$D$11:$D$400, MATCH(0, IF(ISBLANK('Annex 2 Designated EHV charges'!$D$11:$D$400),1, COUNTIF(A$4:$A13, 'Annex 2 Designated EHV charges'!$D$11:$D$400)), 0)),"")} | B14: =IF($A14="","",VLOOKUP($A14,'Annex 2 Designated EHV charges'!$D:$O,2,0)) | C14: =IF($A14="","",VLOOKUP($A14,'Annex 2 Designated EHV charges'!$D:$O,3,0)) | D14: =IF($A14="","",VLOOKUP($A14,'Annex 2 Designated EHV charges'!$D:$O,4,0)) | E14: =IFERROR(IF(VLOOKUP($A14,'Annex 2 Designated EHV charges'!$D:$P,COLUMN(E14)+5,FALSE)=0,"",VLOOKUP($A14,'Annex 2 Designated EHV charges'!$D:$P,COLUMN(E14)+5,FALSE)),"") | F14: =IFERROR(IF(VLOOKUP($A14,'Annex 2 Designated EHV charges'!$D:$P,COLUMN(F14)+5,FALSE)=0,"",VLOOKUP($A14,'Annex 2 Designated EHV charges'!$D:$P,COLUMN(F14)+5,FALSE)),"") | G14: =IFERROR(IF(VLOOKUP($A14,'Annex 2 Designated EHV charges'!$D:$P,COLUMN(G14)+5,FALSE)=0,"",VLOOKUP($A14,'Annex 2 Designated EHV charges'!$D:$P,COLUMN(G14)+5,FALSE)),"") | H14: =IFERROR(IF(VLOOKUP($A14,'Annex 2 Designated EHV charges'!$D:$P,COLUMN(H14)+5,FALSE)=0,"",VLOOKUP($A14,'Annex 2 Designated EHV charges'!$D:$P,COLUMN(H14)+5,FALSE)),"")
A15: {=IFERROR(INDEX('Annex 2 Designated EHV charges'!$D$11:$D$400, MATCH(0, IF(ISBLANK('Annex 2 Designated EHV charges'!$D$11:$D$400),1, COUNTIF(A$4:$A14, 'Annex 2 Designated EHV charges'!$D$11:$D$400)), 0)),"")} | B15: =IF($A15="","",VLOOKUP($A15,'Annex 2 Designated EHV charges'!$D:$O,2,0)) | C15: =IF($A15="","",VLOOKUP($A15,'Annex 2 Designated EHV charges'!$D:$O,3,0)) | D15: =IF($A15="","",VLOOKUP($A15,'Annex 2 Designated EHV charges'!$D:$O,4,0)) | E15: =IFERROR(IF(VLOOKUP($A15,'Annex 2 Designated EHV charges'!$D:$P,COLUMN(E15)+5,FALSE)=0,"",VLOOKUP($A15,'Annex 2 Designated EHV charges'!$D:$P,COLUMN(E15)+5,FALSE)),"") | F15: =IFERROR(IF(VLOOKUP($A15,'Annex 2 Designated EHV charges'!$D:$P,COLUMN(F15)+5,FALSE)=0,"",VLOOKUP($A15,'Annex 2 Designated EHV charges'!$D:$P,COLUMN(F15)+5,FALSE)),"") | G15: =IFERROR(IF(VLOOKUP($A15,'Annex 2 Designated EHV charges'!$D:$P,COLUMN(G15)+5,FALSE)=0,"",VLOOKUP($A15,'Annex 2 Designated EHV charges'!$D:$P,COLUMN(G15)+5,FALSE)),"") | H15: =IFERROR(IF(VLOOKUP($A15,'Annex 2 Designated EHV charges'!$D:$P,COLUMN(H15)+5,FALSE)=0,"",VLOOKUP($A15,'Annex 2 Designated EHV charges'!$D:$P,COLUMN(H15)+5,FALSE)),"")
A16: {=IFERROR(INDEX('Annex 2 Designated EHV charges'!$D$11:$D$400, MATCH(0, IF(ISBLANK('Annex 2 Designated EHV charges'!$D$11:$D$400),1, COUNTIF(A$4:$A15, 'Annex 2 Designated EHV charges'!$D$11:$D$400)), 0)),"")} | B16: =IF($A16="","",VLOOKUP($A16,'Annex 2 Designated EHV charges'!$D:$O,2,0)) | C16: =IF($A16="","",VLOOKUP($A16,'Annex 2 Designated EHV charges'!$D:$O,3,0)) | D16: =IF($A16="","",VLOOKUP($A16,'Annex 2 Designated EHV charges'!$D:$O,4,0)) | E16: =IFERROR(IF(VLOOKUP($A16,'Annex 2 Designated EHV charges'!$D:$P,COLUMN(E16)+5,FALSE)=0,"",VLOOKUP($A16,'Annex 2 Designated EHV charges'!$D:$P,COLUMN(E16)+5,FALSE)),"") | F16: =IFERROR(IF(VLOOKUP($A16,'Annex 2 Designated EHV charges'!$D:$P,COLUMN(F16)+5,FALSE)=0,"",VLOOKUP($A16,'Annex 2 Designated EHV charges'!$D:$P,COLUMN(F16)+5,FALSE)),"") | G16: =IFERROR(IF(VLOOKUP($A16,'Annex 2 Designated EHV charges'!$D:$P,COLUMN(G16)+5,FALSE)=0,"",VLOOKUP($A16,'Annex 2 Designated EHV charges'!$D:$P,COLUMN(G16)+5,FALSE)),"") | H16: =IFERROR(IF(VLOOKUP($A16,'Annex 2 Designated EHV charges'!$D:$P,COLUMN(H16)+5,FALSE)=0,"",VLOOKUP($A16,'Annex 2 Designated EHV charges'!$D:$P,COLUMN(H16)+5,FALSE)),"")
... A292: {=IFERROR(INDEX('Annex 2 Designated EHV charges'!$D$11:$D$400, MATCH(0, IF(ISBLANK('Annex 2 Designated EHV charges'!$D$11:$D$400),1, COUNTIF(A$4:$A291, 'Annex 2 Designated EHV charges'!$D$11:$D$400)), 0)),"")} | B292: =IF($A292="","",VLOOKUP($A292,'Annex 2 Designated EHV charges'!$D:$O,2,0)) | C292: =IF($A292="","",VLOOKUP($A292,'Annex 2 Designated EHV charges'!$D:$O,3,0)) | D292: =IF($A292="","",VLOOKUP($A292,'Annex 2 Designated EHV charges'!$D:$O,4,0)) | E292: =IFERROR(IF(VLOOKUP($A292,'Annex 2 Designated EHV charges'!$D:$P,COLUMN(E292)+5,FALSE)=0,"",VLOOKUP($A292,'Annex 2 Designated EHV charges'!$D:$P,COLUMN(E292)+5,FALSE)),"") | F292: =IFERROR(IF(VLOOKUP($A292,'Annex 2 Designated EHV charges'!$D:$P,COLUMN(F292)+5,FALSE)=0,"",VLOOKUP($A292,'Annex 2 Designated EHV charges'!$D:$P,COLUMN(F292)+5,FALSE)),"") | G292: =IFERROR(IF(VLOOKUP($A292,'Annex 2 Designated EHV charges'!$D:$P,COLUMN(G292)+5,FALSE)=0,"",VLOOKUP($A292,'Annex 2 Designated EHV charges'!$D:$P,COLUMN(G292)+5,FALSE)),"") | H292: =IFERROR(IF(VLOOKUP($A292,'Annex 2 Designated EHV charges'!$D:$P,COLUMN(H292)+5,FALSE)=0,"",VLOOKUP($A292,'Annex 2 Designated EHV charges'!$D:$P,COLUMN(H292)+5,FALSE)),"")

Sheet Annex 3 Preserved charges
A1: Back to Overview
A2: =Overview!B4& " - Effective from "&Overview!D4&" - "&Overview!E4&" LV and HV tariffs" -> Aidien Limited - GSP_B - Effective from 1 April 2025 - Final LV and HV tariffs
A3: Supercustomer preserved charges/additional LLFCs
B4: Closed LLFCs | C4: PCs | D4: Red/black unit charge p/kWh | E4: Amber/yellow unit charge p/kWh | F4: Green unit charge p/kWh | G4: Fixed charge p/MPAN/day
A6: Notes: | B6: [Add DNO specific notes relevant to charges]
A11: Site Specific preserved charges/additional LLFCs
B12: Closed LLFCs | C12: PCs | D12: Red/black unit charge p/kWh | E12: Amber/yellow unit charge p/kWh | F12: Green unit charge p/kWh | G12: Fixed charge p/MPAN/day | H12: Capacity charge p/kVA/day | I12: Exceeded capacity charge p/kVA/day | J12: Reactive power charge p/kVArh
C13: 0
A14: Notes: | B14: Time periods
B15: [Add DNO specific notes relevant to charges]
B16: Unit charges in the red time band apply – between [xx:xx] and [xx:xx], Monday to Friday including bank holidays.
B17: Unit charges in the amber time band apply – between [xx:xx] and [xx:xx], Monday to Friday including bank holidays.
B18: Unit charges in the green time band apply – between [xx:xx] and [xx:xx], Monday to Friday including bank holidays, and [xx:xx] and [xx:xx] Saturday and Sunday.
B19: All times are UK clock-time.
B21: [Add DNO specific notes]

Sheet Annex 4 LDNO charges
A1: Back to Overview | B1: Copy from CDCM table 3701 "Tariffs!A42:I84" and paste values into A14 | F1: Copy from EDCM table 6005 "LDNORev!B549:G683" and paste values into D57
A2: =Overview!B4& " - Effective from "&Overview!D4&" - "&Overview!E4&" LDNO tariffs" -> Aidien Limited - GSP_B - Effective from 1 April 2025 - Final LDNO tariffs
A4: Time Bands for LV and HV Designated Properties | F4: Time Bands for Unmetered Properties
A5: Time periods | B5: Red Time Band | C5: Amber Time Band | D5: Green Time Band | H5: Black Time Band | I5: Yellow Time Band | J5: Green Time Band
A6: Monday to Friday (Including Bank Holidays) All Year | B6: 16:00 to 19:00 | C6: 07:30 to 16:00 19:00 to 21:00 | D6: 00:00 to 07:30 21:00 to 24:00 | F6: Monday to Friday (Including Bank Holidays) Nov to Feb Inclusive | H6: 16:00 to 19:00 | I6: 07:30 to 16:00 19:00 to 21:00 | J6: 00:00 to 07:30 21:00 to 24:00
A7: Saturday and Sunday All Year | D7: 00:00 to 24:00 | F7: Monday to Friday (Including Bank Holidays) Mar to Oct Inclusive | I7: 07:30 to 21:00 | J7: 00:00 to 07:30 21:00 to 24:00
A8: Notes | B8: All the above times are in UK Clock time | F8: Saturday and Sunday All Year | J8: 00:00 to 24:00
F9: Notes | H9: All the above times are in UK Clock time
A13: Tariff name | B13: Unique billing identifier | C13: PCs | D13: Red/black unit charge p/kWh | E13: Amber/yellow unit charge p/kWh | F13: Green unit charge p/kWh | G13: Fixed charge p/MPAN/day | H13: Capacity charge p/kVA/day | I13: Exceeded capacity charge p/kVA/day | J13: Reactive power charge p/kVArh
A14: LDNO LV: Domestic Aggregated or CT with Residual | B14: B01 | C14: 0, 1, 2 | D14: 7.101 | E14: 1.343 | F14: 0.098 | G14: 5.94 | H14: 0 | I14: 0 | J14: 0
A15: LDNO LV: Domestic Aggregated (related MPAN) | B15: B04 | C15: 2 | D15: 7.101 | E15: 1.343 | F15: 0.098 | G15: 0 | H15: 0 | I15: 0 | J15: 0
A16: LDNO LV: Non-Domestic Aggregated or CT No Residual | B16: B07 | C16: 0, 3, 4, 5-8 | D16: 7.271 | E16: 1.375 | F16: 0.101 | G16: 8.03 | H16: 0 | I16: 0 | J16: 0
A17: LDNO LV: Non-Domestic Aggregated or CT Band 1 | B17: B10 | C17: 0, 3, 4, 5-8 | D17: 7.271 | E17: 1.375 | F17: 0.101 | G17: 9.82 | H17: 0 | I17: 0 | J17: 0
A18: LDNO LV: Non-Domestic Aggregated or CT Band 2 | B18: B13 | C18: 0, 3, 4, 5-8 | D18: 7.271 | E18: 1.375 | F18: 0.101 | G18: 10.99 | H18: 0 | I18: 0 | J18: 0
A19: LDNO LV: Non-Domestic Aggregated or CT Band 3 | B19: B16 | C19: 0, 3, 4, 5-8 | D19: 7.271 | E19: 1.375 | F19: 0.101 | G19: 14.37 | H19: 0 | I19: 0 | J19: 0
A20: LDNO LV: Non-Domestic Aggregated or CT Band 4 | B20: B19 | C20: 0, 3, 4, 5-8 | D20: 7.271 | E20: 1.375 | F20: 0.101 | G20: 25.52 | H20: 0 | I20: 0 | J20: 0
A21: LDNO LV: Non-Domestic Aggregated (related MPAN) | B21: B22 | C21: 4 | D21: 7.271 | E21: 1.375 | F21: 0.101 | G21: 0 | H21: 0 | I21: 0 | J21: 0
A22: LDNO LV: LV Site Specific No Residual | B22: B25 | C22: 0 | D22: 4.577 | E22: 0.839 | F22: 0.06 | G22: 9.81 | H22: 5.34 | I22: 5.34 | J22: 0.127
A23: LDNO LV: LV Site Specific Band 1 | B23: B28 | C23: 0 | D23: 4.577 | E23: 0.839 | F23: 0.06 | G23: 42.3 | H23: 5.34 | I23: 5.34 | J23: 0.127
A24: LDNO LV: LV Site Specific Band 2 | B24: B31 | C24: 0 | D24: 4.577 | E24: 0.839 | F24: 0.06 | G24: 63.83 | H24: 5.34 | I24: 5.34 | J24: 0.127
A25: LDNO LV: LV Site Specific Band 3 | B25: B34 | C25: 0 | D25: 4.577 | E25: 0.839 | F25: 0.06 | G25: 95.15 | H25: 5.34 | I25: 5.34 | J25: 0.127
A26: LDNO LV: LV Site Specific Band 4 | B26: B37 | C26: 0 | D26: 4.577 | E26: 0.839 | F26: 0.06 | G26: 187.33 | H26: 5.34 | I26: 5.34 | J26: 0.127
A27: LDNO LV: Unmetered Supplies | B27: B60 | C27: 0, 1 or 8 | D27: 17.648 | E27: 2.446 | F27: 0.933 | G27: 0 | H27: 0 | I27: 0 | J27: 0
A28: LDNO LV: LV Generation Aggregated | B28: B63 | C28: 0 | D28: -6.744 | E28: -1.276 | F28: -0.094 | G28: 0 | H28: 0 | I28: 0 | J28: 0
A29: LDNO LV: LV Generation Site Specific | B29: B68 | C29: 0 | D29: -6.744 | E29: -1.276 | F29: -0.094 | G29: 0 | H29: 0 | I29: 0 | J29: 0.216
A30: LDNO HV: Domestic Aggregated or CT with Residual | B30: B02 | C30: 0, 1, 2 | D30: 5.668 | E30: 1.072 | F30: 0.079 | G30: 4.74 | H30: 0 | I30: 0 | J30: 0
A31: LDNO HV: Domestic Aggregated (Related MPAN) | B31: B05 | C31: 2 | D31: 5.668 | E31: 1.072 | F31: 0.079 | G31: 0 | H31: 0 | I31: 0 | J31: 0
A32: LDNO HV: Non-Domestic Aggregated or CT No Residual | B32: B08 | C32: 0, 3, 4, 5-8 | D32: 5.803 | E32: 1.098 | F32: 0.08 | G32: 6.41 | H32: 0 | I32: 0 | J32: 0
A33: LDNO HV: Non-Domestic Aggregated or CT Band 1 | B33: B11 | C33: 0, 3, 4, 5-8 | D33: 5.803 | E33: 1.098 | F33: 0.08 | G33: 7.83 | H33: 0 | I33: 0 | J33: 0
A34: LDNO HV: Non-Domestic Aggregated or CT Band 2 | B34: B14 | C34: 0, 3, 4, 5-8 | D34: 5.803 | E34: 1.098 | F34: 0.08 | G34: 8.77 | H34: 0 | I34: 0 | J34: 0
A35: LDNO HV: Non-Domestic Aggregated or CT Band 3 | B35: B17 | C35: 0, 3, 4, 5-8 | D35: 5.803 | E35: 1.098 | F35: 0.08 | G35: 11.46 | H35: 0 | I35: 0 | J35: 0
A36: LDNO HV: Non-Domestic Aggregated or CT Band 4 | B36: B20 | C36: 0, 3, 4, 5-8 | D36: 5.803 | E36: 1.098 | F36: 0.08 | G36: 20.37 | H36: 0 | I36: 0 | J36: 0
A37: LDNO HV: Non-Domestic Aggregated (related MPAN) | B37: B23 | C37: 4 | D37: 5.803 | E37: 1.098 | F37: 0.08 | G37: 0 | H37: 0 | I37: 0 | J37: 0
A38: LDNO HV: LV Site Specific No Residual | B38: B26 | C38: 0 | D38: 3.653 | E38: 0.67 | F38: 0.048 | G38: 7.83 | H38: 4.26 | I38: 4.26 | J38: 0.102
A39: LDNO HV: LV Site Specific Band 1 | B39: B29 | C39: 0 | D39: 3.653 | E39: 0.67 | F39: 0.048 | G39: 33.75 | H39: 4.26 | I39: 4.26 | J39: 0.102
A40: LDNO HV: LV Site Specific Band 2 | B40: B32 | C40: 0 | D40: 3.653 | E40: 0.67 | F40: 0.048 | G40: 50.94 | H40: 4.26 | I40: 4.26 | J40: 0.102
A41: LDNO HV: LV Site Specific Band 3 | B41: B35 | C41: 0 | D41: 3.653 | E41: 0.67 | F41: 0.048 | G41: 75.94 | H41: 4.26 | I41: 4.26 | J41: 0.102
A42: LDNO HV: LV Site Specific Band 4 | B42: B38 | C42: 0 | D42: 3.653 | E42: 0.67 | F42: 0.048 | G42: 149.51 | H42: 4.26 | I42: 4.26 | J42: 0.102
A43: LDNO HV: LV Sub Site Specific No Residual | B43: B40 | C43: 0 | D43: 3.444 | E43: 0.585 | F43: 0.039 | G43: 9.03 | H43: 6.15 | I43: 6.15 | J43: 0.094
A44: LDNO HV: LV Sub Site Specific Band 1 | B44: B42 | C44: 0 | D44: 3.444 | E44: 0.585 | F44: 0.039 | G44: 47.34 | H44: 6.15 | I44: 6.15 | J44: 0.094
A45: LDNO HV: LV Sub Site Specific Band 2 | B45: B44 | C45: 0 | D45: 3.444 | E45: 0.585 | F45: 0.039 | G45: 72.73 | H45: 6.15 | I45: 6.15 | J45: 0.094
A46: LDNO HV: LV Sub Site Specific Band 3 | B46: B46 | C46: 0 | D46: 3.444 | E46: 0.585 | F46: 0.039 | G46: 109.67 | H46: 6.15 | I46: 6.15 | J46: 0.094
A47: LDNO HV: LV Sub Site Specific Band 4 | B47: B48 | C47: 0 | D47: 3.444 | E47: 0.585 | F47: 0.039 | G47: 218.38 | H47: 6.15 | I47: 6.15 | J47: 0.094
A48: LDNO HV: HV Site Specific No Residual | B48: B50 | C48: 0 | D48: 2.249 | E48: 0.342 | F48: 0.02 | G48: 94.84 | H48: 8.1 | I48: 8.1 | J48: 0.054
A49: LDNO HV: HV Site Specific Band 1 | B49: B52 | C49: 0 | D49: 2.249 | E49: 0.342 | F49: 0.02 | G49: 315.14 | H49: 8.1 | I49: 8.1 | J49: 0.054
... A52: LDNO HV: HV Site Specific Band 4 | B52: B58 | C52: 0 | D52: 2.249 | E52: 0.342 | F52: 0.02 | G52: 3849.63 | H52: 8.1 | I52: 8.1 | J52: 0.054
A53: LDNO HV: Unmetered Supplies | B53: B61 | C53: 0, 1 or 8 | D53: 14.086 | E53: 1.952 | F53: 0.744 | G53: 0 | H53: 0 | I53: 0 | J53: 0
A54: LDNO HV: LV Generation Aggregated | B54: B64 | C54: 0 | D54: -6.744 | E54: -1.276 | F54: -0.094 | G54: 0 | H54: 0 | I54: 0 | J54: 0
A55: LDNO HV: LV Sub Generation Aggregated | B55: B66 | C55: 0 | D55: -5.591 | E55: -1.037 | F55: -0.075 | G55: 0 | H55: 0 | I55: 0 | J55: 0
A56: LDNO HV: LV Generation Site Specific | B56: B69 | C56: 0 | D56: -6.744 | E56: -1.276 | F56: -0.094 | G56: 0 | H56: 0 | I56: 0 | J56: 0.216
A57: LDNO HV: LV Sub Generation Site Specific | B57: B74 | C57: 0 | D57: -5.591 | E57: -1.037 | F57: -0.075 | G57: 0 | H57: 0 | I57: 0 | J57: 0.16
A58: LDNO HV: HV Generation Site Specific | B58: B78 | C58: 0 | D58: -3.414 | E58: -0.58 | F58: -0.039 | G58: 0 | H58: 0 | I58: 0 | J58: 0.133
A59: LDNO HVplus: Domestic Aggregated or CT with Residual | B59: B03 | C59: 0, 1, 2 | D59: 4.339 | E59: 0.821 | F59: 0.06 | G59: 3.62 | H59: 0 | I59: 0 | J59: 0
A60: LDNO HVplus: Domestic Aggregated (related MPAN) | B60: B06 | C60: 2 | D60: 4.339 | E60: 0.821 | F60: 0.06 | G60: 0 | H60: 0 | I60: 0 | J60: 0
A61: LDNO HVplus: Non-Domestic Aggregated or CT No Residual | B61: B09 | C61: 0, 3, 4, 5-8 | D61: 4.443 | E61: 0.84 | F61: 0.062 | G61: 4.9 | H61: 0 | I61: 0 | J61: 0
A62: LDNO HVplus: Non-Domestic Aggregated or CT Band 1 | B62: B12 | C62: 0, 3, 4, 5-8 | D62: 4.443 | E62: 0.84 | F62: 0.062 | G62: 5.99 | H62: 0 | I62: 0 | J62: 0
A63: LDNO HVplus: Non-Domestic Aggregated or CT Band 2 | B63: B15 | C63: 0, 3, 4, 5-8 | D63: 4.443 | E63: 0.84 | F63: 0.062 | G63: 6.71 | H63: 0 | I63: 0 | J63: 0
A64: LDNO HVplus: Non-Domestic Aggregated or CT Band 3 | B64: B18 | C64: 0, 3, 4, 5-8 | D64: 4.443 | E64: 0.84 | F64: 0.062 | G64: 8.77 | H64: 0 | I64: 0 | J64: 0
A65: LDNO HVplus: Non-Domestic Aggregated or CT Band 4 | B65: B21 | C65: 0, 3, 4, 5-8 | D65: 4.443 | E65: 0.84 | F65: 0.062 | G65: 15.59 | H65: 0 | I65: 0 | J65: 0
A66: LDNO HVplus: Non-Domestic Aggregated (related MPAN) | B66: B24 | C66: 4 | D66: 4.443 | E66: 0.84 | F66: 0.062 | G66: 0 | H66: 0 | I66: 0 | J66: 0
A67: LDNO HVplus: LV Site Specific No Residual | B67: B27 | C67: 0 | D67: 2.797 | E67: 0.513 | F67: 0.037 | G67: 5.99 | H67: 3.26 | I67: 3.26 | J67: 0.078
A68: LDNO HVplus: LV Site Specific Band 1 | B68: B30 | C68: 0 | D68: 2.797 | E68: 0.513 | F68: 0.037 | G68: 25.83 | H68: 3.26 | I68: 3.26 | J68: 0.078
A69: LDNO HVplus: LV Site Specific Band 2 | B69: B33 | C69: 0 | D69: 2.797 | E69: 0.513 | F69: 0.037 | G69: 38.99 | H69: 3.26 | I69: 3.26 | J69: 0.078
A70: LDNO HVplus: LV Site Specific Band 3 | B70: B36 | C70: 0 | D70: 2.797 | E70: 0.513 | F70: 0.037 | G70: 58.13 | H70: 3.26 | I70: 3.26 | J70: 0.078
A71: LDNO HVplus: LV Site Specific Band 4 | B71: B39 | C71: 0 | D71: 2.797 | E71: 0.513 | F71: 0.037 | G71: 114.45 | H71: 3.26 | I71: 3.26 | J71: 0.078
A72: LDNO HVplus: LV Sub Site Specific No Residual | B72: B41 | C72: 0 | D72: 2.593 | E72: 0.44 | F72: 0.029 | G72: 6.79 | H72: 4.63 | I72: 4.63 | J72: 0.071
A73: LDNO HVplus: LV Sub Site Specific Band 1 | B73: B43 | C73: 0 | D73: 2.593 | E73: 0.44 | F73: 0.029 | G73: 35.63 | H73: 4.63 | I73: 4.63 | J73: 0.071
A74: LDNO HVplus: LV Sub Site Specific Band 2 | B74: B45 | C74: 0 | D74: 2.593 | E74: 0.44 | F74: 0.029 | G74: 54.74 | H74: 4.63 | I74: 4.63 | J74: 0.071
A75: LDNO HVplus: LV Sub Site Specific Band 3 | B75: B47 | C75: 0 | D75: 2.593 | E75: 0.44 | F75: 0.029 | G75: 82.55 | H75: 4.63 | I75: 4.63 | J75: 0.071
A76: LDNO HVplus: LV Sub Site Specific Band 4 | B76: B49 | C76: 0 | D76: 2.593 | E76: 0.44 | F76: 0.029 | G76: 164.37 | H76: 4.63 | I76: 4.63 | J76: 0.071
A77: LDNO HVplus: HV Site Specific No Residual | B77: B51 | C77: 0 | D77: 1.679 | E77: 0.255 | F77: 0.015 | G77: 70.79 | H77: 6.05 | I77: 6.05 | J77: 0.04
A78: LDNO HVplus: HV Site Specific Band 1 | B78: B53 | C78: 0 | D78: 1.679 | E78: 0.255 | F78: 0.015 | G78: 235.25 | H78: 6.05 | I78: 6.05 | J78: 0.04
... A81: LDNO HVplus: HV Site Specific Band 4 | B81: B59 | C81: 0 | D81: 1.679 | E81: 0.255 | F81: 0.015 | G81: 2873.78 | H81: 6.05 | I81: 6.05 | J81: 0.04
A82: LDNO HVplus: Unmetered Supplies | B82: B62 | C82: 0, 1 or 8 | D82: 10.784 | E82: 1.495 | F82: 0.57 | G82: 0 | H82: 0 | I82: 0 | J82: 0
A83: LDNO HVplus: LV Generation Aggregated | B83: B65 | C83: 0 | D83: -4.139 | E83: -0.783 | F83: -0.057 | G83: 0 | H83: 0 | I83: 0 | J83: 0
A84: LDNO HVplus: LV Sub Generation Aggregated | B84: B67 | C84: 0 | D84: -3.86 | E84: -0.716 | F84: -0.052 | G84: 0 | H84: 0 | I84: 0 | J84: 0
A85: LDNO HVplus: LV Generation Site Specific | B85: B70 | C85: 0 | D85: -4.139 | E85: -0.783 | F85: -0.057 | G85: 0 | H85: 0 | I85: 0 | J85: 0.132
A86: LDNO HVplus: LV Sub Generation Site Specific | B86: B75 | C86: 0 | D86: -3.86 | E86: -0.716 | F86: -0.052 | G86: 0 | H86: 0 | I86: 0 | J86: 0.111
A87: LDNO HVplus: HV Generation Site Specific | B87: B79 | C87: 0 | D87: -3.414 | E87: -0.58 | F87: -0.039 | G87: 64.19 | H87: 0 | I87: 0 | J87: 0.133
A88: LDNO EHV: Domestic Aggregated or CT with Residual | C88: 0, 1, 2 | D88: 3.766 | E88: 0.712 | F88: 0.052 | G88: 3.14 | H88: 0 | I88: 0 | J88: 0
A89: LDNO EHV: Domestic Aggregated (related MPAN) | C89: 2 | D89: 3.766 | E89: 0.712 | F89: 0.052 | G89: 0 | H89: 0 | I89: 0 | J89: 0
A90: LDNO EHV: Non-Domestic Aggregated or CT No Residual | C90: 0, 3, 4, 5-8 | D90: 3.856 | E90: 0.729 | F90: 0.053 | G90: 4.25 | H90: 0 | I90: 0 | J90: 0
A91: LDNO EHV: Non-Domestic Aggregated or CT Band 1 | C91: 0, 3, 4, 5-8 | D91: 3.856 | E91: 0.729 | F91: 0.053 | G91: 5.19 | H91: 0 | I91: 0 | J91: 0
A92: LDNO EHV: Non-Domestic Aggregated or CT Band 2 | C92: 0, 3, 4, 5-8 | D92: 3.856 | E92: 0.729 | F92: 0.053 | G92: 5.82 | H92: 0 | I92: 0 | J92: 0
A93: LDNO EHV: Non-Domestic Aggregated or CT Band 3 | C93: 0, 3, 4, 5-8 | D93: 3.856 | E93: 0.729 | F93: 0.053 | G93: 7.61 | H93: 0 | I93: 0 | J93: 0
A94: LDNO EHV: Non-Domestic Aggregated or CT Band 4 | C94: 0, 3, 4, 5-8 | D94: 3.856 | E94: 0.729 | F94: 0.053 | G94: 13.52 | H94: 0 | I94: 0 | J94: 0
A95: LDNO EHV: Non-Domestic Aggregated (related MPAN) | C95: 4 | D95: 3.856 | E95: 0.729 | F95: 0.053 | G95: 0 | H95: 0 | I95: 0 | J95: 0
A96: LDNO EHV: LV Site Specific No Residual | C96: 0 | D96: 2.427 | E96: 0.445 | F96: 0.032 | G96: 5.19 | H96: 2.83 | I96: 2.83 | J96: 0.067
A97: LDNO EHV: LV Site Specific Band 1 | C97: 0 | D97: 2.427 | E97: 0.445 | F97: 0.032 | G97: 22.42 | H97: 2.83 | I97: 2.83 | J97: 0.067
A98: LDNO EHV: LV Site Specific Band 2 | C98: 0 | D98: 2.427 | E98: 0.445 | F98: 0.032 | G98: 33.84 | H98: 2.83 | I98: 2.83 | J98: 0.067
A99: LDNO EHV: LV Site Specific Band 3 | C99: 0 | D99: 2.427 | E99: 0.445 | F99: 0.032 | G99: 50.45 | H99: 2.83 | I99: 2.83 | J99: 0.067
A100: LDNO EHV: LV Site Specific Band 4 | C100: 0 | D100: 2.427 | E100: 0.445 | F100: 0.032 | G100: 99.33 | H100: 2.83 | I100: 2.83 | J100: 0.067
A101: LDNO EHV: LV Sub Site Specific No Residual | C101: 0 | D101: 2.25 | E101: 0.382 | F101: 0.025 | G101: 5.89 | H101: 4.02 | I101: 4.02 | J101: 0.062
A102: LDNO EHV: LV Sub Site Specific Band 1 | C102: 0 | D102: 2.25 | E102: 0.382 | F102: 0.025 | G102: 30.92 | H102: 4.02 | I102: 4.02 | J102: 0.062
A103: LDNO EHV: LV Sub Site Specific Band 2 | C103: 0 | D103: 2.25 | E103: 0.382 | F103: 0.025 | G103: 47.51 | H103: 4.02 | I103: 4.02 | J103: 0.062
A104: LDNO EHV: LV Sub Site Specific Band 3 | C104: 0 | D104: 2.25 | E104: 0.382 | F104: 0.025 | G104: 71.64 | H104: 4.02 | I104: 4.02 | J104: 0.062
A105: LDNO EHV: LV Sub Site Specific Band 4 | C105: 0 | D105: 2.25 | E105: 0.382 | F105: 0.025 | G105: 142.66 | H105: 4.02 | I105: 4.02 | J105: 0.062
A106: LDNO EHV: HV Site Specific No Residual | C106: 0 | D106: 1.457 | E106: 0.221 | F106: 0.013 | G106: 61.44 | H106: 5.25 | I106: 5.25 | J106: 0.035
A107: LDNO EHV: HV Site Specific Band 1 | C107: 0 | D107: 1.457 | E107: 0.221 | F107: 0.013 | G107: 204.17 | H107: 5.25 | I107: 5.25 | J107: 0.035
... A110: LDNO EHV: HV Site Specific Band 4 | C110: 0 | D110: 1.457 | E110: 0.221 | F110: 0.013 | G110: 2494.19 | H110: 5.25 | I110: 5.25 | J110: 0.035
...

Sheet Annex 5 LLFs
A1: Back to Overview
A2: This table has intentionally been left blank. The line loss factors that are approved by the BSC Panel for the applicable year and consequently published on the Elexon website will take precedence and be used in Settlement. This annex will be re-published once these values are available.
A3: =Overview!B4& " - Illustrative LLFs for year beginning "&Overview!D4 -> Aidien Limited - GSP_B - Illustrative LLFs for year beginning 1 April 2025
A4: Time periods | B4: Period 1 | C4: Period 2 | D4: Period 3 | E4: Period 4
B5: (Name 1) | C5: (Name 2) | D5: (Name 3) | E5: (Name 4)
A6: Monday to Friday Mar to Oct | D6: 00:30 – 07:30 | E6: 07:30 – 00:30
A7: Monday to Friday Nov to Feb | B7: 16:00 – 19:00 | C7: 07:30 – 16:00 19:00 – 20:00 | D7: 00:30 – 07:30 | E7: 20:00 – 00:30
A8: Saturday and Sunday All Year | D8: 00:30 – 07:30 | E8: 07:30 – 00:30
A9: Notes | B9: All the above times are in UK Clock time
A12: Generic demand and generation LLFs
A13: Metered voltage, respective periods and associated LLFCs
A14: Metered voltage | B14: Period 1 | C14: Period 2 | D14: Period 3 | E14: Period 4 | F14: Associated LLFC
A15: 132kV connected | B15: 1.009 | C15: 1.008 | D15: 1.006 | E15: 1.007
A16: 132/EHV connected | B16: 1.014 | C16: 1.014 | D16: 1.013 | E16: 1.013
A17: 132/HV connected | B17: 1.02 | C17: 1.019 | D17: 1.016 | E17: 1.017
A18: EHV connected | B18: 1.023 | C18: 1.022 | D18: 1.018 | E18: 1.019
A19: High Voltage Substation | B19: 1.034 | C19: 1.032 | D19: 1.028 | E19: 1.029
A20: High Voltage Network | B20: 1.048 | C20: 1.045 | D20: 1.036 | E20: 1.04 | F20: B50,B51,B52,B53,B54,B55,B56,B57,B58,B59,B78,B79,B80,B81
A21: Low Voltage Substation | B21: 1.065 | C21: 1.063 | D21: 1.061 | E21: 1.059 | F21: B40,B41,B42,B43,B44,B45,B46,B47,B48,B49,B66,B67,B74,B75,B76,B77
A22: Low Voltage Network | B22: 1.092 | C22: 1.087 | D22: 1.076 | E22: 1.079 | F22: B01,B02,B03,B04,B05,B06,B07,B08,B09,B10,B11,B12,B13,B14,B15,B16,B17,B18,B19,B20,B21,B22,B23,B24,B25,B26,B27,B28,B29,B30,B31,B32,B33,B34,B35,B36,B37,B38,B39,B60,B61,B62,B63,B64,B65,B68,B69,B70,B71,B72,B73
A24: EHV site specific LLFs
A25: Demand
A26: Site | B26: Period 1 | C26: Period 2 | D26: Period 3 | E26: Period 4 | F26: Associated LLFC
A27: Site 1
A28: Site 2
A29: Site 3
A30: Site 4
A31: Site 5
A33: EHV site specific LLFs
A34: Generation
A35: Site | B35: Period 1 | C35: Period 2 | D35: Period 3 | E35: Period 4 | F35: Associated LLFC
A36: Site 1
A37: Site 2
A38: Site 3
A39: Site 4
A40: Site 5

Sheet Annex 6 New or Amended EHV
A1: Back to Overview | H1: Note: The list of MPANs/MSIDs provided may be incomplete; the DNO reserves the right to apply the listed charges to any other MPANs/MSIDs associated with the site. If sites appear in both Annex 2 and Annex 6, the charges in Annex 6 take precedence. Where an existing Designated EHV Property is modified and energised in the charging year, we may revise the EDCM charges for the modified Designated EHV Property.
A2: Annex 6 - Charges for New or Amended Designated EHV Properties
A4: =Overview!B4& " - Effective from "&Overview!D4&" - "&Overview!E4&" new designated EHV charges" -> Aidien Limited - GSP_B - Effective from 1 April 2025 - Final new designated EHV charges
A5: Effective from date | B5: Import Unique Identifier | C5: LLFC | D5: Import MPANs/MSIDs | E5: Export Unique Identifier | F5: LLFC | G5: Export MPANs/MSIDs | H5: Name | I5: Residual Charging Band | J5: =#REF! -> #REF! | K5: =#REF! -> #REF! | L5: =#REF! -> #REF! | M5: =#REF! -> #REF! | N5: =#REF! -> #REF! | O5: =#REF! -> #REF! | P5: =#REF! -> #REF! | Q5: =#REF! -> #REF!
B6: EDCM import 1 | E6: EDCM export 1
B7: EDCM import 2 | E7: EDCM export 2
B8: EDCM import 3 | E8: EDCM export 3
B9: EDCM import 4 | E9: EDCM export 4
B10: EDCM import 5 | E10: EDCM export 5
B11: EDCM import 6 | E11: EDCM export 6
B12: EDCM import 7 | E12: EDCM export 7
B13: EDCM import 8 | E13: EDCM export 8
B14: EDCM import 9 | E14: EDCM export 9
B15: EDCM import 10 | E15: EDCM export 10
A17: =Overview!B4& " - Effective from "&Overview!D4&" - "&Overview!E4&" new designated EHV line loss factors" -> Aidien Limited - GSP_B - Effective from 1 April 2025 - Final new designated EHV line loss factors
A18: Effective from date | B18: Import Unique Identifier | C18: LLFC | D18: Import MPANs/MSIDs | E18: Export Unique Identifier | F18: LLFC | G18: Export MPANs/MSIDs | H18: Name | I18: Residual Charging Band | J18: Import LLF period 1 | K18: Import LLF period 2 | L18: Import LLF period 3 | M18: Import LLF period 4 | N18: Export LLF period 1 | O18: Export LLF period 2 | P18: Export LLF period 3 | Q18: Export LLF period 4
B19: EDCM Import 1 | E19: EDCM Export 1
B20: EDCM Import 2 | E20: EDCM Export 2
B21: EDCM Import 3 | E21: EDCM Export 3
B22: EDCM Import 4 | E22: EDCM Export 4
B23: EDCM Import 5 | E23: EDCM Export 5
B24: EDCM Import 6 | E24: EDCM Export 6
B25: EDCM Import 7 | E25: EDCM Export 7
B26: EDCM Import 8 | E26: EDCM Export 8
B27: EDCM Import 9 | E27: EDCM Export 9
B28: EDCM Import 10 | E28: EDCM Export 10

Sheet Annex 7 Pass-Through Costs
A1: Back to Overview
A2: =Overview!B4& " - Effective from "&Overview!D4&" - "&Overview!E4&" Supplier of Last Resort and Eligible Bad Debt Pass-Through Costs" -> Aidien Limited - GSP_B - Effective from 1 April 2025 - Final Supplier of Last Resort and Eligible Bad Debt Pass-Through Costs
A4: Tariff name | B4: Open LLFCs / LDNO unique billing identifier | C4: PCs | D4: Supplier of Last Resort Fixed charge adder* p/MPAN/day | E4: Eligible Bad Debt Fixed charge adder*** p/MPAN/day
A5: Domestic Aggregated or CT with Residual | B5: =IF(IFERROR(INDEX('Annex 1 LV, HV and UMS charges'!$B$12:$B$45,MATCH($A5,'Annex 1 LV, HV and UMS charges'!$A$12:$A$310,0)),INDEX('Annex 4 LDNO charges'!$B$14:$B$203,MATCH($A5,'Annex 4 LDNO charges'!$A$14:$A$203,0)))=0,"",IFERROR(INDEX('Annex 1 LV, HV and UMS charges'!$B$12:$B$45,MATCH($A5,'Annex 1 LV, HV and UMS charges'!$A$12:$A$310,0)),INDEX('Annex 4 LDNO charges'!$B$14:$B$203,MATCH($A5,'Annex 4 LDNO charges'!$A$14:$A$203,0)))) -> B01,B02,B03 | C5: 0, 1, 2 | D5: 0 | E5: -0.02
A6: Non-Domestic Aggregated or CT No Residual | B6: =IF(IFERROR(INDEX('Annex 1 LV, HV and UMS charges'!$B$12:$B$45,MATCH($A6,'Annex 1 LV, HV and UMS charges'!$A$12:$A$310,0)),INDEX('Annex 4 LDNO charges'!$B$14:$B$203,MATCH($A6,'Annex 4 LDNO charges'!$A$14:$A$203,0)))=0,"",IFERROR(INDEX('Annex 1 LV, HV and UMS charges'!$B$12:$B$45,MATCH($A6,'Annex 1 LV, HV and UMS charges'!$A$12:$A$310,0)),INDEX('Annex 4 LDNO charges'!$B$14:$B$203,MATCH($A6,'Annex 4 LDNO charges'!$A$14:$A$203,0)))) -> B07,B08,B09 | C6: 0, 3, 4, 5-8 | E6: -0.02
A7: Non-Domestic Aggregated or CT Band 1 | B7: =IF(IFERROR(INDEX('Annex 1 LV, HV and UMS charges'!$B$12:$B$45,MATCH($A7,'Annex 1 LV, HV and UMS charges'!$A$12:$A$310,0)),INDEX('Annex 4 LDNO charges'!$B$14:$B$203,MATCH($A7,'Annex 4 LDNO charges'!$A$14:$A$203,0)))=0,"",IFERROR(INDEX('Annex 1 LV, HV and UMS charges'!$B$12:$B$45,MATCH($A7,'Annex 1 LV, HV and UMS charges'!$A$12:$A$310,0)),INDEX('Annex 4 LDNO charges'!$B$14:$B$203,MATCH($A7,'Annex 4 LDNO charges'!$A$14:$A$203,0)))) -> B10,B11,B12 | C7: 0, 3, 4, 5-8 | E7: -0.02
A8: Non-Domestic Aggregated or CT Band 2 | B8: =IF(IFERROR(INDEX('Annex 1 LV, HV and UMS charges'!$B$12:$B$45,MATCH($A8,'Annex 1 LV, HV and UMS charges'!$A$12:$A$310,0)),INDEX('Annex 4 LDNO charges'!$B$14:$B$203,MATCH($A8,'Annex 4 LDNO charges'!$A$14:$A$203,0)))=0,"",IFERROR(INDEX('Annex 1 LV, HV and UMS charges'!$B$12:$B$45,MATCH($A8,'Annex 1 LV, HV and UMS charges'!$A$12:$A$310,0)),INDEX('Annex 4 LDNO charges'!$B$14:$B$203,MATCH($A8,'Annex 4 LDNO charges'!$A$14:$A$203,0)))) -> B13,B14,B15 | C8: 0, 3, 4, 5-8 | E8: -0.02
A9: Non-Domestic Aggregated or CT Band 3 | B9: =IF(IFERROR(INDEX('Annex 1 LV, HV and UMS charges'!$B$12:$B$45,MATCH($A9,'Annex 1 LV, HV and UMS charges'!$A$12:$A$310,0)),INDEX('Annex 4 LDNO charges'!$B$14:$B$203,MATCH($A9,'Annex 4 LDNO charges'!$A$14:$A$203,0)))=0,"",IFERROR(INDEX('Annex 1 LV, HV and UMS charges'!$B$12:$B$45,MATCH($A9,'Annex 1 LV, HV and UMS charges'!$A$12:$A$310,0)),INDEX('Annex 4 LDNO charges'!$B$14:$B$203,MATCH($A9,'Annex 4 LDNO charges'!$A$14:$A$203,0)))) -> B16,B17,B18 | C9: 0, 3, 4, 5-8 | E9: -0.02
A10: Non-Domestic Aggregated or CT Band 4 | B10: =IF(IFERROR(INDEX('Annex 1 LV, HV and UMS charges'!$B$12:$B$45,MATCH($A10,'Annex 1 LV, HV and UMS charges'!$A$12:$A$310,0)),INDEX('Annex 4 LDNO charges'!$B$14:$B$203,MATCH($A10,'Annex 4 LDNO charges'!$A$14:$A$203,0)))=0,"",IFERROR(INDEX('Annex 1 LV, HV and UMS charges'!$B$12:$B$45,MATCH($A10,'Annex 1 LV, HV and UMS charges'!$A$12:$A$310,0)),INDEX('Annex 4 LDNO charges'!$B$14:$B$203,MATCH($A10,'Annex 4 LDNO charges'!$A$14:$A$203,0)))) -> B19,B20,B21 | C10: 0, 3, 4, 5-8 | E10: -0.02
A11: LV Site Specific No Residual | B11: =IF(IFERROR(INDEX('Annex 1 LV, HV and UMS charges'!$B$12:$B$45,MATCH($A11,'Annex 1 LV, HV and UMS charges'!$A$12:$A$310,0)),INDEX('Annex 4 LDNO charges'!$B$14:$B$203,MATCH($A11,'Annex 4 LDNO charges'!$A$14:$A$203,0)))=0,"",IFERROR(INDEX('Annex 1 LV, HV and UMS charges'!$B$12:$B$45,MATCH($A11,'Annex 1 LV, HV and UMS charges'!$A$12:$A$310,0)),INDEX('Annex 4 LDNO charges'!$B$14:$B$203,MATCH($A11,'Annex 4 LDNO charges'!$A$14:$A$203,0)))) -> B25,B26,B27 | C11: 0 | E11: -0.02
A12: LV Site Specific Band 1 | B12: =IF(IFERROR(INDEX('Annex 1 LV, HV and UMS charges'!$B$12:$B$45,MATCH($A12,'Annex 1 LV, HV and UMS charges'!$A$12:$A$310,0)),INDEX('Annex 4 LDNO charges'!$B$14:$B$203,MATCH($A12,'Annex 4 LDNO charges'!$A$14:$A$203,0)))=0,"",IFERROR(INDEX('Annex 1 LV, HV and UMS charges'!$B$12:$B$45,MATCH($A12,'Annex 1 LV, HV and UMS charges'!$A$12:$A$310,0)),INDEX('Annex 4 LDNO charges'!$B$14:$B$203,MATCH($A12,'Annex 4 LDNO charges'!$A$14:$A$203,0)))) -> B28,B29,B30 | C12: 0 | E12: -0.02
A13: LV Site Specific Band 2 | B13: =IF(IFERROR(INDEX('Annex 1 LV, HV and UMS charges'!$B$12:$B$45,MATCH($A13,'Annex 1 LV, HV and UMS charges'!$A$12:$A$310,0)),INDEX('Annex 4 LDNO charges'!$B$14:$B$203,MATCH($A13,'Annex 4 LDNO charges'!$A$14:$A$203,0)))=0,"",IFERROR(INDEX('Annex 1 LV, HV and UMS charges'!$B$12:$B$45,MATCH($A13,'Annex 1 LV, HV and UMS charges'!$A$12:$A$310,0)),INDEX('Annex 4 LDNO charges'!$B$14:$B$203,MATCH($A13,'Annex 4 LDNO charges'!$A$14:$A$203,0)))) -> B31,B32,B33 | C13: 0 | E13: -0.02
A14: LV Site Specific Band 3 | B14: =IF(IFERROR(INDEX('Annex 1 LV, HV and UMS charges'!$B$12:$B$45,MATCH($A14,'Annex 1 LV, HV and UMS charges'!$A$12:$A$310,0)),INDEX('Annex 4 LDNO charges'!$B$14:$B$203,MATCH($A14,'Annex 4 LDNO charges'!$A$14:$A$203,0)))=0,"",IFERROR(INDEX('Annex 1 LV, HV and UMS charges'!$B$12:$B$45,MATCH($A14,'Annex 1 LV, HV and UMS charges'!$A$12:$A$310,0)),INDEX('Annex 4 LDNO charges'!$B$14:$B$203,MATCH($A14,'Annex 4 LDNO charges'!$A$14:$A$203,0)))) -> B34,B35,B36 | C14: 0 | E14: -0.02
A15: LV Site Specific Band 4 | B15: =IF(IFERROR(INDEX('Annex 1 LV, HV and UMS charges'!$B$12:$B$45,MATCH($A15,'Annex 1 LV, HV and UMS charges'!$A$12:$A$310,0)),INDEX('Annex 4 LDNO charges'!$B$14:$B$203,MATCH($A15,'Annex 4 LDNO charges'!$A$14:$A$203,0)))=0,"",IFERROR(INDEX('Annex 1 LV, HV and UMS charges'!$B$12:$B$45,MATCH($A15,'Annex 1 LV, HV and UMS charges'!$A$12:$A$310,0)),INDEX('Annex 4 LDNO charges'!$B$14:$B$203,MATCH($A15,'Annex 4 LDNO charges'!$A$14:$A$203,0)))) -> B37,B38,B39 | C15: 0 | E15: -0.02
A16: LV Sub Site Specific No Residual | B16: =IF(IFERROR(INDEX('Annex 1 LV, HV and UMS charges'!$B$12:$B$45,MATCH($A16,'Annex 1 LV, HV and UMS charges'!$A$12:$A$310,0)),INDEX('Annex 4 LDNO charges'!$B$14:$B$203,MATCH($A16,'Annex 4 LDNO charges'!$A$14:$A$203,0)))=0,"",IFERROR(INDEX('Annex 1 LV, HV and UMS charges'!$B$12:$B$45,MATCH($A16,'Annex 1 LV, HV and UMS charges'!$A$12:$A$310,0)),INDEX('Annex 4 LDNO charges'!$B$14:$B$203,MATCH($A16,'Annex 4 LDNO charges'!$A$14:$A$203,0)))) -> B40,B41 | C16: 0 | E16: -0.02
A17: LV Sub Site Specific Band 1 | B17: =IF(IFERROR(INDEX('Annex 1 LV, HV and UMS charges'!$B$12:$B$45,MATCH($A17,'Annex 1 LV, HV and UMS charges'!$A$12:$A$310,0)),INDEX('Annex 4 LDNO charges'!$B$14:$B$203,MATCH($A17,'Annex 4 LDNO charges'!$A$14:$A$203,0)))=0,"",IFERROR(INDEX('Annex 1 LV, HV and UMS charges'!$B$12:$B$45,MATCH($A17,'Annex 1 LV, HV and UMS charges'!$A$12:$A$310,0)),INDEX('Annex 4 LDNO charges'!$B$14:$B$203,MATCH($A17,'Annex 4 LDNO charges'!$A$14:$A$203,0)))) -> B42,B43 | C17: 0 | E17: -0.02
A18: LV Sub Site Specific Band 2 | B18: =IF(IFERROR(INDEX('Annex 1 LV, HV and UMS charges'!$B$12:$B$45,MATCH($A18,'Annex 1 LV, HV and UMS charges'!$A$12:$A$310,0)),INDEX('Annex 4 LDNO charges'!$B$14:$B$203,MATCH($A18,'Annex 4 LDNO charges'!$A$14:$A$203,0)))=0,"",IFERROR(INDEX('Annex 1 LV, HV and UMS charges'!$B$12:$B$45,MATCH($A18,'Annex 1 LV, HV and UMS charges'!$A$12:$A$310,0)),INDEX('Annex 4 LDNO charges'!$B$14:$B$203,MATCH($A18,'Annex 4 LDNO charges'!$A$14:$A$203,0)))) -> B44,B45 | C18: 0 | E18: -0.02
A19: LV Sub Site Specific Band 3 | B19: =IF(IFERROR(INDEX('Annex 1 LV, HV and UMS charges'!$B$12:$B$45,MATCH($A19,'Annex 1 LV, HV and UMS charges'!$A$12:$A$310,0)),INDEX('Annex 4 LDNO charges'!$B$14:$B$203,MATCH($A19,'Annex 4 LDNO charges'!$A$14:$A$203,0)))=0,"",IFERROR(INDEX('Annex 1 LV, HV and UMS charges'!$B$12:$B$45,MATCH($A19,'Annex 1 LV, HV and UMS charges'!$A$12:$A$310,0)),INDEX('Annex 4 LDNO charges'!$B$14:$B$203,MATCH($A19,'Annex 4 LDNO charges'!$A$14:$A$203,0)))) -> B46,B47 | C19: 0 | E19: -0.02
A20: LV Sub Site Specific Band 4 | B20: =IF(IFERROR(INDEX('Annex 1 LV, HV and UMS charges'!$B$12:$B$45,MATCH($A20,'Annex 1 LV, HV and UMS charges'!$A$12:$A$310,0)),INDEX('Annex 4 LDNO charges'!$B$14:$B$203,MATCH($A20,'Annex 4 LDNO charges'!$A$14:$A$203,0)))=0,"",IFERROR(INDEX('Annex 1 LV, HV and UMS charges'!$B$12:$B$45,MATCH($A20,'Annex 1 LV, HV and UMS charges'!$A$12:$A$310,0)),INDEX('Annex 4 LDNO charges'!$B$14:$B$203,MATCH($A20,'Annex 4 LDNO charges'!$A$14:$A$203,0)))) -> B48,B49 | C20: 0 | E20: -0.02
A21: HV Site Specific No Residual | B21: =IF(IFERROR(INDEX('Annex 1 LV, HV and UMS charges'!$B$12:$B$45,MATCH($A21,'Annex 1 LV, HV and UMS charges'!$A$12:$A$310,0)),INDEX('Annex 4 LDNO charges'!$B$14:$B$203,MATCH($A21,'Annex 4 LDNO charges'!$A$14:$A$203,0)))=0,"",IFERROR(INDEX('Annex 1 LV, HV and UMS charges'!$B$12:$B$45,MATCH($A21,'Annex 1 LV, HV and UMS charges'!$A$12:$A$310,0)),INDEX('Annex 4 LDNO charges'!$B$14:$B$203,MATCH($A21,'Annex 4 LDNO charges'!$A$14:$A$203,0)))) -> B50,B51 | C21: 0 | E21: -0.02
A22: HV Site Specific Band 1 | B22: =IF(IFERROR(INDEX('Annex 1 LV, HV and UMS charges'!$B$12:$B$45,MATCH($A22,'Annex 1 LV, HV and UMS charges'!$A$12:$A$310,0)),INDEX('Annex 4 LDNO charges'!$B$14:$B$203,MATCH($A22,'Annex 4 LDNO charges'!$A$14:$A$203,0)))=0,"",IFERROR(INDEX('Annex 1 LV, HV and UMS charges'!$B$12:$B$45,MATCH($A22,'Annex 1 LV, HV and UMS charges'!$A$12:$A$310,0)),INDEX('Annex 4 LDNO charges'!$B$14:$B$203,MATCH($A22,'Annex 4 LDNO charges'!$A$14:$A$203,0)))) -> B52,B53 | C22: 0 | E22: -0.02
... A25: HV Site Specific Band 4 | B25: =IF(IFERROR(INDEX('Annex 1 LV, HV and UMS charges'!$B$12:$B$45,MATCH($A25,'Annex 1 LV, HV and UMS charges'!$A$12:$A$310,0)),INDEX('Annex 4 LDNO charges'!$B$14:$B$203,MATCH($A25,'Annex 4 LDNO charges'!$A$14:$A$203,0)))=0,"",IFERROR(INDEX('Annex 1 LV, HV and UMS charges'!$B$12:$B$45,MATCH($A25,'Annex 1 LV, HV and UMS charges'!$A$12:$A$310,0)),INDEX('Annex 4 LDNO charges'!$B$14:$B$203,MATCH($A25,'Annex 4 LDNO charges'!$A$14:$A$203,0)))) -> B58,B59 | C25: 0 | E25: -0.02
A26: LDNO LV: Domestic Aggregated or CT with Residual | B26: =IF(IFERROR(INDEX('Annex 1 LV, HV and UMS charges'!$B$12:$B$45,MATCH($A26,'Annex 1 LV, HV and UMS charges'!$A$12:$A$310,0)),INDEX('Annex 4 LDNO charges'!$B$14:$B$203,MATCH($A26,'Annex 4 LDNO charges'!$A$14:$A$203,0)))=0,"",IFERROR(INDEX('Annex 1 LV, HV and UMS charges'!$B$12:$B$45,MATCH($A26,'Annex 1 LV, HV and UMS charges'!$A$12:$A$310,0)),INDEX('Annex 4 LDNO charges'!$B$14:$B$203,MATCH($A26,'Annex 4 LDNO charges'!$A$14:$A$203,0)))) -> B01 | C26: 0, 1, 2 | D26: 0 | E26: -0.02
A27: LDNO LV: Non-Domestic Aggregated or CT No Residual | B27: =IF(IFERROR(INDEX('Annex 1 LV, HV and UMS charges'!$B$12:$B$45,MATCH($A27,'Annex 1 LV, HV and UMS charges'!$A$12:$A$310,0)),INDEX('Annex 4 LDNO charges'!$B$14:$B$203,MATCH($A27,'Annex 4 LDNO charges'!$A$14:$A$203,0)))=0,"",IFERROR(INDEX('Annex 1 LV, HV and UMS charges'!$B$12:$B$45,MATCH($A27,'Annex 1 LV, HV and UMS charges'!$A$12:$A$310,0)),INDEX('Annex 4 LDNO charges'!$B$14:$B$203,MATCH($A27,'Annex 4 LDNO charges'!$A$14:$A$203,0)))) -> B07 | C27: 0, 3, 4, 5-8 | E27: -0.02
A28: LDNO LV: Non-Domestic Aggregated or CT Band 1 | B28: =IF(IFERROR(INDEX('Annex 1 LV, HV and UMS charges'!$B$12:$B$45,MATCH($A28,'Annex 1 LV, HV and UMS charges'!$A$12:$A$310,0)),INDEX('Annex 4 LDNO charges'!$B$14:$B$203,MATCH($A28,'Annex 4 LDNO charges'!$A$14:$A$203,0)))=0,"",IFERROR(INDEX('Annex 1 LV, HV and UMS charges'!$B$12:$B$45,MATCH($A28,'Annex 1 LV, HV and UMS charges'!$A$12:$A$310,0)),INDEX('Annex 4 LDNO charges'!$B$14:$B$203,MATCH($A28,'Annex 4 LDNO charges'!$A$14:$A$203,0)))) -> B10 | C28: 0, 3, 4, 5-8 | E28: -0.02
A29: LDNO LV: Non-Domestic Aggregated or CT Band 2 | B29: =IF(IFERROR(INDEX('Annex 1 LV, HV and UMS charges'!$B$12:$B$45,MATCH($A29,'Annex 1 LV, HV and UMS charges'!$A$12:$A$310,0)),INDEX('Annex 4 LDNO charges'!$B$14:$B$203,MATCH($A29,'Annex 4 LDNO charges'!$A$14:$A$203,0)))=0,"",IFERROR(INDEX('Annex 1 LV, HV and UMS charges'!$B$12:$B$45,MATCH($A29,'Annex 1 LV, HV and UMS charges'!$A$12:$A$310,0)),INDEX('Annex 4 LDNO charges'!$B$14:$B$203,MATCH($A29,'Annex 4 LDNO charges'!$A$14:$A$203,0)))) -> B13 | C29: 0, 3, 4, 5-8 | E29: -0.02
A30: LDNO LV: Non-Domestic Aggregated or CT Band 3 | B30: =IF(IFERROR(INDEX('Annex 1 LV, HV and UMS charges'!$B$12:$B$45,MATCH($A30,'Annex 1 LV, HV and UMS charges'!$A$12:$A$310,0)),INDEX('Annex 4 LDNO charges'!$B$14:$B$203,MATCH($A30,'Annex 4 LDNO charges'!$A$14:$A$203,0)))=0,"",IFERROR(INDEX('Annex 1 LV, HV and UMS charges'!$B$12:$B$45,MATCH($A30,'Annex 1 LV, HV and UMS charges'!$A$12:$A$310,0)),INDEX('Annex 4 LDNO charges'!$B$14:$B$203,MATCH($A30,'Annex 4 LDNO charges'!$A$14:$A$203,0)))) -> B16 | C30: 0, 3, 4, 5-8 | E30: -0.02
A31: LDNO LV: Non-Domestic Aggregated or CT Band 4 | B31: =IF(IFERROR(INDEX('Annex 1 LV, HV and UMS charges'!$B$12:$B$45,MATCH($A31,'Annex 1 LV, HV and UMS charges'!$A$12:$A$310,0)),INDEX('Annex 4 LDNO charges'!$B$14:$B$203,MATCH($A31,'Annex 4 LDNO charges'!$A$14:$A$203,0)))=0,"",IFERROR(INDEX('Annex 1 LV, HV and UMS charges'!$B$12:$B$45,MATCH($A31,'Annex 1 LV, HV and UMS charges'!$A$12:$A$310,0)),INDEX('Annex 4 LDNO charges'!$B$14:$B$203,MATCH($A31,'Annex 4 LDNO charges'!$A$14:$A$203,0)))) -> B19 | C31: 0, 3, 4, 5-8 | E31: -0.02
A32: LDNO LV: LV Site Specific No Residual | B32: =IF(IFERROR(INDEX('Annex 1 LV, HV and UMS charges'!$B$12:$B$45,MATCH($A32,'Annex 1 LV, HV and UMS charges'!$A$12:$A$310,0)),INDEX('Annex 4 LDNO charges'!$B$14:$B$203,MATCH($A32,'Annex 4 LDNO charges'!$A$14:$A$203,0)))=0,"",IFERROR(INDEX('Annex 1 LV, HV and UMS charges'!$B$12:$B$45,MATCH($A32,'Annex 1 LV, HV and UMS charges'!$A$12:$A$310,0)),INDEX('Annex 4 LDNO charges'!$B$14:$B$203,MATCH($A32,'Annex 4 LDNO charges'!$A$14:$A$203,0)))) -> B25 | C32: 0 | E32: -0.02
A33: LDNO LV: LV Site Specific Band 1 | B33: =IF(IFERROR(INDEX('Annex 1 LV, HV and UMS charges'!$B$12:$B$45,MATCH($A33,'Annex 1 LV, HV and UMS charges'!$A$12:$A$310,0)),INDEX('Annex 4 LDNO charges'!$B$14:$B$203,MATCH($A33,'Annex 4 LDNO charges'!$A$14:$A$203,0)))=0,"",IFERROR(INDEX('Annex 1 LV, HV and UMS charges'!$B$12:$B$45,MATCH($A33,'Annex 1 LV, HV and UMS charges'!$A$12:$A$310,0)),INDEX('Annex 4 LDNO charges'!$B$14:$B$203,MATCH($A33,'Annex 4 LDNO charges'!$A$14:$A$203,0)))) -> B28 | C33: 0 | E33: -0.02
A34: LDNO LV: LV Site Specific Band 2 | B34: =IF(IFERROR(INDEX('Annex 1 LV, HV and UMS charges'!$B$12:$B$45,MATCH($A34,'Annex 1 LV, HV and UMS charges'!$A$12:$A$310,0)),INDEX('Annex 4 LDNO charges'!$B$14:$B$203,MATCH($A34,'Annex 4 LDNO charges'!$A$14:$A$203,0)))=0,"",IFERROR(INDEX('Annex 1 LV, HV and UMS charges'!$B$12:$B$45,MATCH($A34,'Annex 1 LV, HV and UMS charges'!$A$12:$A$310,0)),INDEX('Annex 4 LDNO charges'!$B$14:$B$203,MATCH($A34,'Annex 4 LDNO charges'!$A$14:$A$203,0)))) -> B31 | C34: 0 | E34: -0.02
A35: LDNO LV: LV Site Specific Band 3 | B35: =IF(IFERROR(INDEX('Annex 1 LV, HV and UMS charges'!$B$12:$B$45,MATCH($A35,'Annex 1 LV, HV and UMS charges'!$A$12:$A$310,0)),INDEX('Annex 4 LDNO charges'!$B$14:$B$203,MATCH($A35,'Annex 4 LDNO charges'!$A$14:$A$203,0)))=0,"",IFERROR(INDEX('Annex 1 LV, HV and UMS charges'!$B$12:$B$45,MATCH($A35,'Annex 1 LV, HV and UMS charges'!$A$12:$A$310,0)),INDEX('Annex 4 LDNO charges'!$B$14:$B$203,MATCH($A35,'Annex 4 LDNO charges'!$A$14:$A$203,0)))) -> B34 | C35: 0 | E35: -0.02
A36: LDNO LV: LV Site Specific Band 4 | B36: =IF(IFERROR(INDEX('Annex 1 LV, HV and UMS charges'!$B$12:$B$45,MATCH($A36,'Annex 1 LV, HV and UMS charges'!$A$12:$A$310,0)),INDEX('Annex 4 LDNO charges'!$B$14:$B$203,MATCH($A36,'Annex 4 LDNO charges'!$A$14:$A$203,0)))=0,"",IFERROR(INDEX('Annex 1 LV, HV and UMS charges'!$B$12:$B$45,MATCH($A36,'Annex 1 LV, HV and UMS charges'!$A$12:$A$310,0)),INDEX('Annex 4 LDNO charges'!$B$14:$B$203,MATCH($A36,'Annex 4 LDNO charges'!$A$14:$A$203,0)))) -> B37 | C36: 0 | E36: -0.02
A37: LDNO HV: Domestic Aggregated or CT with Residual | B37: =IF(IFERROR(INDEX('Annex 1 LV, HV and UMS charges'!$B$12:$B$45,MATCH($A37,'Annex 1 LV, HV and UMS charges'!$A$12:$A$310,0)),INDEX('Annex 4 LDNO charges'!$B$14:$B$203,MATCH($A37,'Annex 4 LDNO charges'!$A$14:$A$203,0)))=0,"",IFERROR(INDEX('Annex 1 LV, HV and UMS charges'!$B$12:$B$45,MATCH($A37,'Annex 1 LV, HV and UMS charges'!$A$12:$A$310,0)),INDEX('Annex 4 LDNO charges'!$B$14:$B$203,MATCH($A37,'Annex 4 LDNO charges'!$A$14:$A$203,0)))) -> B02 | C37: 0, 1, 2 | D37: 0 | E37: -0.02
A38: LDNO HV: Non-Domestic Aggregated or CT No Residual | B38: =IF(IFERROR(INDEX('Annex 1 LV, HV and UMS charges'!$B$12:$B$45,MATCH($A38,'Annex 1 LV, HV and UMS charges'!$A$12:$A$310,0)),INDEX('Annex 4 LDNO charges'!$B$14:$B$203,MATCH($A38,'Annex 4 LDNO charges'!$A$14:$A$203,0)))=0,"",IFERROR(INDEX('Annex 1 LV, HV and UMS charges'!$B$12:$B$45,MATCH($A38,'Annex 1 LV, HV and UMS charges'!$A$12:$A$310,0)),INDEX('Annex 4 LDNO charges'!$B$14:$B$203,MATCH($A38,'Annex 4 LDNO charges'!$A$14:$A$203,0)))) -> B08 | C38: 0, 3, 4, 5-8 | E38: -0.02
A39: LDNO HV: Non-Domestic Aggregated or CT Band 1 | B39: =IF(IFERROR(INDEX('Annex 1 LV, HV and UMS charges'!$B$12:$B$45,MATCH($A39,'Annex 1 LV, HV and UMS charges'!$A$12:$A$310,0)),INDEX('Annex 4 LDNO charges'!$B$14:$B$203,MATCH($A39,'Annex 4 LDNO charges'!$A$14:$A$203,0)))=0,"",IFERROR(INDEX('Annex 1 LV, HV and UMS charges'!$B$12:$B$45,MATCH($A39,'Annex 1 LV, HV and UMS charges'!$A$12:$A$310,0)),INDEX('Annex 4 LDNO charges'!$B$14:$B$203,MATCH($A39,'Annex 4 LDNO charges'!$A$14:$A$203,0)))) -> B11 | C39: 0, 3, 4, 5-8 | E39: -0.02
A40: LDNO HV: Non-Domestic Aggregated or CT Band 2 | B40: =IF(IFERROR(INDEX('Annex 1 LV, HV and UMS charges'!$B$12:$B$45,MATCH($A40,'Annex 1 LV, HV and UMS charges'!$A$12:$A$310,0)),INDEX('Annex 4 LDNO charges'!$B$14:$B$203,MATCH($A40,'Annex 4 LDNO charges'!$A$14:$A$203,0)))=0,"",IFERROR(INDEX('Annex 1 LV, HV and UMS charges'!$B$12:$B$45,MATCH($A40,'Annex 1 LV, HV and UMS charges'!$A$12:$A$310,0)),INDEX('Annex 4 LDNO charges'!$B$14:$B$203,MATCH($A40,'Annex 4 LDNO charges'!$A$14:$A$203,0)))) -> B14 | C40: 0, 3, 4, 5-8 | E40: -0.02
A41: LDNO HV: Non-Domestic Aggregated or CT Band 3 | B41: =IF(IFERROR(INDEX('Annex 1 LV, HV and UMS charges'!$B$12:$B$45,MATCH($A41,'Annex 1 LV, HV and UMS charges'!$A$12:$A$310,0)),INDEX('Annex 4 LDNO charges'!$B$14:$B$203,MATCH($A41,'Annex 4 LDNO charges'!$A$14:$A$203,0)))=0,"",IFERROR(INDEX('Annex 1 LV, HV and UMS charges'!$B$12:$B$45,MATCH($A41,'Annex 1 LV, HV and UMS charges'!$A$12:$A$310,0)),INDEX('Annex 4 LDNO charges'!$B$14:$B$203,MATCH($A41,'Annex 4 LDNO charges'!$A$14:$A$203,0)))) -> B17 | C41: 0, 3, 4, 5-8 | E41: -0.02
A42: LDNO HV: Non-Domestic Aggregated or CT Band 4 | B42: =IF(IFERROR(INDEX('Annex 1 LV, HV and UMS charges'!$B$12:$B$45,MATCH($A42,'Annex 1 LV, HV and UMS charges'!$A$12:$A$310,0)),INDEX('Annex 4 LDNO charges'!$B$14:$B$203,MATCH($A42,'Annex 4 LDNO charges'!$A$14:$A$203,0)))=0,"",IFERROR(INDEX('Annex 1 LV, HV and UMS charges'!$B$12:$B$45,MATCH($A42,'Annex 1 LV, HV and UMS charges'!$A$12:$A$310,0)),INDEX('Annex 4 LDNO charges'!$B$14:$B$203,MATCH($A42,'Annex 4 LDNO charges'!$A$14:$A$203,0)))) -> B20 | C42: 0, 3, 4, 5-8 | E42: -0.02
A43: LDNO HV: LV Site Specific No Residual | B43: =IF(IFERROR(INDEX('Annex 1 LV, HV and UMS charges'!$B$12:$B$45,MATCH($A43,'Annex 1 LV, HV and UMS charges'!$A$12:$A$310,0)),INDEX('Annex 4 LDNO charges'!$B$14:$B$203,MATCH($A43,'Annex 4 LDNO charges'!$A$14:$A$203,0)))=0,"",IFERROR(INDEX('Annex 1 LV, HV and UMS charges'!$B$12:$B$45,MATCH($A43,'Annex 1 LV, HV and UMS charges'!$A$12:$A$310,0)),INDEX('Annex 4 LDNO charges'!$B$14:$B$203,MATCH($A43,'Annex 4 LDNO charges'!$A$14:$A$203,0)))) -> B26 | C43: 0 | E43: -0.02
A44: LDNO HV: LV Site Specific Band 1 | B44: =IF(IFERROR(INDEX('Annex 1 LV, HV and UMS charges'!$B$12:$B$45,MATCH($A44,'Annex 1 LV, HV and UMS charges'!$A$12:$A$310,0)),INDEX('Annex 4 LDNO charges'!$B$14:$B$203,MATCH($A44,'Annex 4 LDNO charges'!$A$14:$A$203,0)))=0,"",IFERROR(INDEX('Annex 1 LV, HV and UMS charges'!$B$12:$B$45,MATCH($A44,'Annex 1 LV, HV and UMS charges'!$A$12:$A$310,0)),INDEX('Annex 4 LDNO charges'!$B$14:$B$203,MATCH($A44,'Annex 4 LDNO charges'!$A$14:$A$203,0)))) -> B29 | C44: 0 | E44: -0.02
A45: LDNO HV: LV Site Specific Band 2 | B45: =IF(IFERROR(INDEX('Annex 1 LV, HV and UMS charges'!$B$12:$B$45,MATCH($A45,'Annex 1 LV, HV and UMS charges'!$A$12:$A$310,0)),INDEX('Annex 4 LDNO charges'!$B$14:$B$203,MATCH($A45,'Annex 4 LDNO charges'!$A$14:$A$203,0)))=0,"",IFERROR(INDEX('Annex 1 LV, HV and UMS charges'!$B$12:$B$45,MATCH($A45,'Annex 1 LV, HV and UMS charges'!$A$12:$A$310,0)),INDEX('Annex 4 LDNO charges'!$B$14:$B$203,MATCH($A45,'Annex 4 LDNO charges'!$A$14:$A$203,0)))) -> B32 | C45: 0 | E45: -0.02
A46: LDNO HV: LV Site Specific Band 3 | B46: =IF(IFERROR(INDEX('Annex 1 LV, HV and UMS charges'!$B$12:$B$45,MATCH($A46,'Annex 1 LV, HV and UMS charges'!$A$12:$A$310,0)),INDEX('Annex 4 LDNO charges'!$B$14:$B$203,MATCH($A46,'Annex 4 LDNO charges'!$A$14:$A$203,0)))=0,"",IFERROR(INDEX('Annex 1 LV, HV and UMS charges'!$B$12:$B$45,MATCH($A46,'Annex 1 LV, HV and UMS charges'!$A$12:$A$310,0)),INDEX('Annex 4 LDNO charges'!$B$14:$B$203,MATCH($A46,'Annex 4 LDNO charges'!$A$14:$A$203,0)))) -> B35 | C46: 0 | E46: -0.02
A47: LDNO HV: LV Site Specific Band 4 | B47: =IF(IFERROR(INDEX('Annex 1 LV, HV and UMS charges'!$B$12:$B$45,MATCH($A47,'Annex 1 LV, HV and UMS charges'!$A$12:$A$310,0)),INDEX('Annex 4 LDNO charges'!$B$14:$B$203,MATCH($A47,'Annex 4 LDNO charges'!$A$14:$A$203,0)))=0,"",IFERROR(INDEX('Annex 1 LV, HV and UMS charges'!$B$12:$B$45,MATCH($A47,'Annex 1 LV, HV and UMS charges'!$A$12:$A$310,0)),INDEX('Annex 4 LDNO charges'!$B$14:$B$203,MATCH($A47,'Annex 4 LDNO charges'!$A$14:$A$203,0)))) -> B38 | C47: 0 | E47: -0.02
A48: LDNO HV: LV Sub Site Specific No Residual | B48: =IF(IFERROR(INDEX('Annex 1 LV, HV and UMS charges'!$B$12:$B$45,MATCH($A48,'Annex 1 LV, HV and UMS charges'!$A$12:$A$310,0)),INDEX('Annex 4 LDNO charges'!$B$14:$B$203,MATCH($A48,'Annex 4 LDNO charges'!$A$14:$A$203,0)))=0,"",IFERROR(INDEX('Annex 1 LV, HV and UMS charges'!$B$12:$B$45,MATCH($A48,'Annex 1 LV, HV and UMS charges'!$A$12:$A$310,0)),INDEX('Annex 4 LDNO charges'!$B$14:$B$203,MATCH($A48,'Annex 4 LDNO charges'!$A$14:$A$203,0)))) -> B40 | C48: 0 | E48: -0.02
A49: LDNO HV: LV Sub Site Specific Band 1 | B49: =IF(IFERROR(INDEX('Annex 1 LV, HV and UMS charges'!$B$12:$B$45,MATCH($A49,'Annex 1 LV, HV and UMS charges'!$A$12:$A$310,0)),INDEX('Annex 4 LDNO charges'!$B$14:$B$203,MATCH($A49,'Annex 4 LDNO charges'!$A$14:$A$203,0)))=0,"",IFERROR(INDEX('Annex 1 LV, HV and UMS charges'!$B$12:$B$45,MATCH($A49,'Annex 1 LV, HV and UMS charges'!$A$12:$A$310,0)),INDEX('Annex 4 LDNO charges'!$B$14:$B$203,MATCH($A49,'Annex 4 LDNO charges'!$A$14:$A$203,0)))) -> B42 | C49: 0 | E49: -0.02
A50: LDNO HV: LV Sub Site Specific Band 2 | B50: =IF(IFERROR(INDEX('Annex 1 LV, HV and UMS charges'!$B$12:$B$45,MATCH($A50,'Annex 1 LV, HV and UMS charges'!$A$12:$A$310,0)),INDEX('Annex 4 LDNO charges'!$B$14:$B$203,MATCH($A50,'Annex 4 LDNO charges'!$A$14:$A$203,0)))=0,"",IFERROR(INDEX('Annex 1 LV, HV and UMS charges'!$B$12:$B$45,MATCH($A50,'Annex 1 LV, HV and UMS charges'!$A$12:$A$310,0)),INDEX('Annex 4 LDNO charges'!$B$14:$B$203,MATCH($A50,'Annex 4 LDNO charges'!$A$14:$A$203,0)))) -> B44 | C50: 0 | E50: -0.02
A51: LDNO HV: LV Sub Site Specific Band 3 | B51: =IF(IFERROR(INDEX('Annex 1 LV, HV and UMS charges'!$B$12:$B$45,MATCH($A51,'Annex 1 LV, HV and UMS charges'!$A$12:$A$310,0)),INDEX('Annex 4 LDNO charges'!$B$14:$B$203,MATCH($A51,'Annex 4 LDNO charges'!$A$14:$A$203,0)))=0,"",IFERROR(INDEX('Annex 1 LV, HV and UMS charges'!$B$12:$B$45,MATCH($A51,'Annex 1 LV, HV and UMS charges'!$A$12:$A$310,0)),INDEX('Annex 4 LDNO charges'!$B$14:$B$203,MATCH($A51,'Annex 4 LDNO charges'!$A$14:$A$203,0)))) -> B46 | C51: 0 | E51: -0.02
A52: LDNO HV: LV Sub Site Specific Band 4 | B52: =IF(IFERROR(INDEX('Annex 1 LV, HV and UMS charges'!$B$12:$B$45,MATCH($A52,'Annex 1 LV, HV and UMS charges'!$A$12:$A$310,0)),INDEX('Annex 4 LDNO charges'!$B$14:$B$203,MATCH($A52,'Annex 4 LDNO charges'!$A$14:$A$203,0)))=0,"",IFERROR(INDEX('Annex 1 LV, HV and UMS charges'!$B$12:$B$45,MATCH($A52,'Annex 1 LV, HV and UMS charges'!$A$12:$A$310,0)),INDEX('Annex 4 LDNO charges'!$B$14:$B$203,MATCH($A52,'Annex 4 LDNO charges'!$A$14:$A$203,0)))) -> B48 | C52: 0 | E52: -0.02
A53: LDNO HV: HV Site Specific No Residual | B53: =IF(IFERROR(INDEX('Annex 1 LV, HV and UMS charges'!$B$12:$B$45,MATCH($A53,'Annex 1 LV, HV and UMS charges'!$A$12:$A$310,0)),INDEX('Annex 4 LDNO charges'!$B$14:$B$203,MATCH($A53,'Annex 4 LDNO charges'!$A$14:$A$203,0)))=0,"",IFERROR(INDEX('Annex 1 LV, HV and UMS charges'!$B$12:$B$45,MATCH($A53,'Annex 1 LV, HV and UMS charges'!$A$12:$A$310,0)),INDEX('Annex 4 LDNO charges'!$B$14:$B$203,MATCH($A53,'Annex 4 LDNO charges'!$A$14:$A$203,0)))) -> B50 | C53: 0 | E53: -0.02
A54: LDNO HV: HV Site Specific Band 1 | B54: =IF(IFERROR(INDEX('Annex 1 LV, HV and UMS charges'!$B$12:$B$45,MATCH($A54,'Annex 1 LV, HV and UMS charges'!$A$12:$A$310,0)),INDEX('Annex 4 LDNO charges'!$B$14:$B$203,MATCH($A54,'Annex 4 LDNO charges'!$A$14:$A$203,0)))=0,"",IFERROR(INDEX('Annex 1 LV, HV and UMS charges'!$B$12:$B$45,MATCH($A54,'Annex 1 LV, HV and UMS charges'!$A$12:$A$310,0)),INDEX('Annex 4 LDNO charges'!$B$14:$B$203,MATCH($A54,'Annex 4 LDNO charges'!$A$14:$A$203,0)))) -> B52 | C54: 0 | E54: -0.02
... A57: LDNO HV: HV Site Specific Band 4 | B57: =IF(IFERROR(INDEX('Annex 1 LV, HV and UMS charges'!$B$12:$B$45,MATCH($A57,'Annex 1 LV, HV and UMS charges'!$A$12:$A$310,0)),INDEX('Annex 4 LDNO charges'!$B$14:$B$203,MATCH($A57,'Annex 4 LDNO charges'!$A$14:$A$203,0)))=0,"",IFERROR(INDEX('Annex 1 LV, HV and UMS charges'!$B$12:$B$45,MATCH($A57,'Annex 1 LV, HV and UMS charges'!$A$12:$A$310,0)),INDEX('Annex 4 LDNO charges'!$B$14:$B$203,MATCH($A57,'Annex 4 LDNO charges'!$A$14:$A$203,0)))) -> B58 | C57: 0 | E57: -0.02
A58: LDNO HVplus: Domestic Aggregated or CT with Residual | B58: =IF(IFERROR(INDEX('Annex 1 LV, HV and UMS charges'!$B$12:$B$45,MATCH($A58,'Annex 1 LV, HV and UMS charges'!$A$12:$A$310,0)),INDEX('Annex 4 LDNO charges'!$B$14:$B$203,MATCH($A58,'Annex 4 LDNO charges'!$A$14:$A$203,0)))=0,"",IFERROR(INDEX('Annex 1 LV, HV and UMS charges'!$B$12:$B$45,MATCH($A58,'Annex 1 LV, HV and UMS charges'!$A$12:$A$310,0)),INDEX('Annex 4 LDNO charges'!$B$14:$B$203,MATCH($A58,'Annex 4 LDNO charges'!$A$14:$A$203,0)))) -> B03 | C58: 0, 1, 2 | D58: 0 | E58: -0.02
A59: LDNO HVplus: Non-Domestic Aggregated or CT No Residual | B59: =IF(IFERROR(INDEX('Annex 1 LV, HV and UMS charges'!$B$12:$B$45,MATCH($A59,'Annex 1 LV, HV and UMS charges'!$A$12:$A$310,0)),INDEX('Annex 4 LDNO charges'!$B$14:$B$203,MATCH($A59,'Annex 4 LDNO charges'!$A$14:$A$203,0)))=0,"",IFERROR(INDEX('Annex 1 LV, HV and UMS charges'!$B$12:$B$45,MATCH($A59,'Annex 1 LV, HV and UMS charges'!$A$12:$A$310,0)),INDEX('Annex 4 LDNO charges'!$B$14:$B$203,MATCH($A59,'Annex 4 LDNO charges'!$A$14:$A$203,0)))) -> B09 | C59: 0, 3, 4, 5-8 | E59: -0.02
A60: LDNO HVplus: Non-Domestic Aggregated or CT Band 1 | B60: =IF(IFERROR(INDEX('Annex 1 LV, HV and UMS charges'!$B$12:$B$45,MATCH($A60,'Annex 1 LV, HV and UMS charges'!$A$12:$A$310,0)),INDEX('Annex 4 LDNO charges'!$B$14:$B$203,MATCH($A60,'Annex 4 LDNO charges'!$A$14:$A$203,0)))=0,"",IFERROR(INDEX('Annex 1 LV, HV and UMS charges'!$B$12:$B$45,MATCH($A60,'Annex 1 LV, HV and UMS charges'!$A$12:$A$310,0)),INDEX('Annex 4 LDNO charges'!$B$14:$B$203,MATCH($A60,'Annex 4 LDNO charges'!$A$14:$A$203,0)))) -> B12 | C60: 0, 3, 4, 5-8 | E60: -0.02
A61: LDNO HVplus: Non-Domestic Aggregated or CT Band 2 | B61: =IF(IFERROR(INDEX('Annex 1 LV, HV and UMS charges'!$B$12:$B$45,MATCH($A61,'Annex 1 LV, HV and UMS charges'!$A$12:$A$310,0)),INDEX('Annex 4 LDNO charges'!$B$14:$B$203,MATCH($A61,'Annex 4 LDNO charges'!$A$14:$A$203,0)))=0,"",IFERROR(INDEX('Annex 1 LV, HV and UMS charges'!$B$12:$B$45,MATCH($A61,'Annex 1 LV, HV and UMS charges'!$A$12:$A$310,0)),INDEX('Annex 4 LDNO charges'!$B$14:$B$203,MATCH($A61,'Annex 4 LDNO charges'!$A$14:$A$203,0)))) -> B15 | C61: 0, 3, 4, 5-8 | E61: -0.02
A62: LDNO HVplus: Non-Domestic Aggregated or CT Band 3 | B62: =IF(IFERROR(INDEX('Annex 1 LV, HV and UMS charges'!$B$12:$B$45,MATCH($A62,'Annex 1 LV, HV and UMS charges'!$A$12:$A$310,0)),INDEX('Annex 4 LDNO charges'!$B$14:$B$203,MATCH($A62,'Annex 4 LDNO charges'!$A$14:$A$203,0)))=0,"",IFERROR(INDEX('Annex 1 LV, HV and UMS charges'!$B$12:$B$45,MATCH($A62,'Annex 1 LV, HV and UMS charges'!$A$12:$A$310,0)),INDEX('Annex 4 LDNO charges'!$B$14:$B$203,MATCH($A62,'Annex 4 LDNO charges'!$A$14:$A$203,0)))) -> B18 | C62: 0, 3, 4, 5-8 | E62: -0.02
A63: LDNO HVplus: Non-Domestic Aggregated or CT Band 4 | B63: =IF(IFERROR(INDEX('Annex 1 LV, HV and UMS charges'!$B$12:$B$45,MATCH($A63,'Annex 1 LV, HV and UMS charges'!$A$12:$A$310,0)),INDEX('Annex 4 LDNO charges'!$B$14:$B$203,MATCH($A63,'Annex 4 LDNO charges'!$A$14:$A$203,0)))=0,"",IFERROR(INDEX('Annex 1 LV, HV and UMS charges'!$B$12:$B$45,MATCH($A63,'Annex 1 LV, HV and UMS charges'!$A$12:$A$310,0)),INDEX('Annex 4 LDNO charges'!$B$14:$B$203,MATCH($A63,'Annex 4 LDNO charges'!$A$14:$A$203,0)))) -> B21 | C63: 0, 3, 4, 5-8 | E63: -0.02
A64: LDNO HVplus: LV Site Specific No Residual | B64: =IF(IFERROR(INDEX('Annex 1 LV, HV and UMS charges'!$B$12:$B$45,MATCH($A64,'Annex 1 LV, HV and UMS charges'!$A$12:$A$310,0)),INDEX('Annex 4 LDNO charges'!$B$14:$B$203,MATCH($A64,'Annex 4 LDNO charges'!$A$14:$A$203,0)))=0,"",IFERROR(INDEX('Annex 1 LV, HV and UMS charges'!$B$12:$B$45,MATCH($A64,'Annex 1 LV, HV and UMS charges'!$A$12:$A$310,0)),INDEX('Annex 4 LDNO charges'!$B$14:$B$203,MATCH($A64,'Annex 4 LDNO charges'!$A$14:$A$203,0)))) -> B27 | C64: 0 | E64: -0.02
A65: LDNO HVplus: LV Site Specific Band 1 | B65: =IF(IFERROR(INDEX('Annex 1 LV, HV and UMS charges'!$B$12:$B$45,MATCH($A65,'Annex 1 LV, HV and UMS charges'!$A$12:$A$310,0)),INDEX('Annex 4 LDNO charges'!$B$14:$B$203,MATCH($A65,'Annex 4 LDNO charges'!$A$14:$A$203,0)))=0,"",IFERROR(INDEX('Annex 1 LV, HV and UMS charges'!$B$12:$B$45,MATCH($A65,'Annex 1 LV, HV and UMS charges'!$A$12:$A$310,0)),INDEX('Annex 4 LDNO charges'!$B$14:$B$203,MATCH($A65,'Annex 4 LDNO charges'!$A$14:$A$203,0)))) -> B30 | C65: 0 | E65: -0.02
A66: LDNO HVplus: LV Site Specific Band 2 | B66: =IF(IFERROR(INDEX('Annex 1 LV, HV and UMS charges'!$B$12:$B$45,MATCH($A66,'Annex 1 LV, HV and UMS charges'!$A$12:$A$310,0)),INDEX('Annex 4 LDNO charges'!$B$14:$B$203,MATCH($A66,'Annex 4 LDNO charges'!$A$14:$A$203,0)))=0,"",IFERROR(INDEX('Annex 1 LV, HV and UMS charges'!$B$12:$B$45,MATCH($A66,'Annex 1 LV, HV and UMS charges'!$A$12:$A$310,0)),INDEX('Annex 4 LDNO charges'!$B$14:$B$203,MATCH($A66,'Annex 4 LDNO charges'!$A$14:$A$203,0)))) -> B33 | C66: 0 | E66: -0.02
A67: LDNO HVplus: LV Site Specific Band 3 | B67: =IF(IFERROR(INDEX('Annex 1 LV, HV and UMS charges'!$B$12:$B$45,MATCH($A67,'Annex 1 LV, HV and UMS charges'!$A$12:$A$310,0)),INDEX('Annex 4 LDNO charges'!$B$14:$B$203,MATCH($A67,'Annex 4 LDNO charges'!$A$14:$A$203,0)))=0,"",IFERROR(INDEX('Annex 1 LV, HV and UMS charges'!$B$12:$B$45,MATCH($A67,'Annex 1 LV, HV and UMS charges'!$A$12:$A$310,0)),INDEX('Annex 4 LDNO charges'!$B$14:$B$203,MATCH($A67,'Annex 4 LDNO charges'!$A$14:$A$203,0)))) -> B36 | C67: 0 | E67: -0.02
A68: LDNO HVplus: LV Site Specific Band 4 | B68: =IF(IFERROR(INDEX('Annex 1 LV, HV and UMS charges'!$B$12:$B$45,MATCH($A68,'Annex 1 LV, HV and UMS charges'!$A$12:$A$310,0)),INDEX('Annex 4 LDNO charges'!$B$14:$B$203,MATCH($A68,'Annex 4 LDNO charges'!$A$14:$A$203,0)))=0,"",IFERROR(INDEX('Annex 1 LV, HV and UMS charges'!$B$12:$B$45,MATCH($A68,'Annex 1 LV, HV and UMS charges'!$A$12:$A$310,0)),INDEX('Annex 4 LDNO charges'!$B$14:$B$203,MATCH($A68,'Annex 4 LDNO charges'!$A$14:$A$203,0)))) -> B39 | C68: 0 | E68: -0.02
A69: LDNO HVplus: LV Sub Site Specific No Residual | B69: =IF(IFERROR(INDEX('Annex 1 LV, HV and UMS charges'!$B$12:$B$45,MATCH($A69,'Annex 1 LV, HV and UMS charges'!$A$12:$A$310,0)),INDEX('Annex 4 LDNO charges'!$B$14:$B$203,MATCH($A69,'Annex 4 LDNO charges'!$A$14:$A$203,0)))=0,"",IFERROR(INDEX('Annex 1 LV, HV and UMS charges'!$B$12:$B$45,MATCH($A69,'Annex 1 LV, HV and UMS charges'!$A$12:$A$310,0)),INDEX('Annex 4 LDNO charges'!$B$14:$B$203,MATCH($A69,'Annex 4 LDNO charges'!$A$14:$A$203,0)))) -> B41 | C69: 0 | E69: -0.02
A70: LDNO HVplus: LV Sub Site Specific Band 1 | B70: =IF(IFERROR(INDEX('Annex 1 LV, HV and UMS charges'!$B$12:$B$45,MATCH($A70,'Annex 1 LV, HV and UMS charges'!$A$12:$A$310,0)),INDEX('Annex 4 LDNO charges'!$B$14:$B$203,MATCH($A70,'Annex 4 LDNO charges'!$A$14:$A$203,0)))=0,"",IFERROR(INDEX('Annex 1 LV, HV and UMS charges'!$B$12:$B$45,MATCH($A70,'Annex 1 LV, HV and UMS charges'!$A$12:$A$310,0)),INDEX('Annex 4 LDNO charges'!$B$14:$B$203,MATCH($A70,'Annex 4 LDNO charges'!$A$14:$A$203,0)))) -> B43 | C70: 0 | E70: -0.02
A71: LDNO HVplus: LV Sub Site Specific Band 2 | B71: =IF(IFERROR(INDEX('Annex 1 LV, HV and UMS charges'!$B$12:$B$45,MATCH($A71,'Annex 1 LV, HV and UMS charges'!$A$12:$A$310,0)),INDEX('Annex 4 LDNO charges'!$B$14:$B$203,MATCH($A71,'Annex 4 LDNO charges'!$A$14:$A$203,0)))=0,"",IFERROR(INDEX('Annex 1 LV, HV and UMS charges'!$B$12:$B$45,MATCH($A71,'Annex 1 LV, HV and UMS charges'!$A$12:$A$310,0)),INDEX('Annex 4 LDNO charges'!$B$14:$B$203,MATCH($A71,'Annex 4 LDNO charges'!$A$14:$A$203,0)))) -> B45 | C71: 0 | E71: -0.02
A72: LDNO HVplus: LV Sub Site Specific Band 3 | B72: =IF(IFERROR(INDEX('Annex 1 LV, HV and UMS charges'!$B$12:$B$45,MATCH($A72,'Annex 1 LV, HV and UMS charges'!$A$12:$A$310,0)),INDEX('Annex 4 LDNO charges'!$B$14:$B$203,MATCH($A72,'Annex 4 LDNO charges'!$A$14:$A$203,0)))=0,"",IFERROR(INDEX('Annex 1 LV, HV and UMS charges'!$B$12:$B$45,MATCH($A72,'Annex 1 LV, HV and UMS charges'!$A$12:$A$310,0)),INDEX('Annex 4 LDNO charges'!$B$14:$B$203,MATCH($A72,'Annex 4 LDNO charges'!$A$14:$A$203,0)))) -> B47 | C72: 0 | E72: -0.02
A73: LDNO HVplus: LV Sub Site Specific Band 4 | B73: =IF(IFERROR(INDEX('Annex 1 LV, HV and UMS charges'!$B$12:$B$45,MATCH($A73,'Annex 1 LV, HV and UMS charges'!$A$12:$A$310,0)),INDEX('Annex 4 LDNO charges'!$B$14:$B$203,MATCH($A73,'Annex 4 LDNO charges'!$A$14:$A$203,0)))=0,"",IFERROR(INDEX('Annex 1 LV, HV and UMS charges'!$B$12:$B$45,MATCH($A73,'Annex 1 LV, HV and UMS charges'!$A$12:$A$310,0)),INDEX('Annex 4 LDNO charges'!$B$14:$B$203,MATCH($A73,'Annex 4 LDNO charges'!$A$14:$A$203,0)))) -> B49 | C73: 0 | E73: -0.02
A74: LDNO HVplus: HV Site Specific No Residual | B74: =IF(IFERROR(INDEX('Annex 1 LV, HV and UMS charges'!$B$12:$B$45,MATCH($A74,'Annex 1 LV, HV and UMS charges'!$A$12:$A$310,0)),INDEX('Annex 4 LDNO charges'!$B$14:$B$203,MATCH($A74,'Annex 4 LDNO charges'!$A$14:$A$203,0)))=0,"",IFERROR(INDEX('Annex 1 LV, HV and UMS charges'!$B$12:$B$45,MATCH($A74,'Annex 1 LV, HV and UMS charges'!$A$12:$A$310,0)),INDEX('Annex 4 LDNO charges'!$B$14:$B$203,MATCH($A74,'Annex 4 LDNO charges'!$A$14:$A$203,0)))) -> B51 | C74: 0 | E74: -0.02
A75: LDNO HVplus: HV Site Specific Band 1 | B75: =IF(IFERROR(INDEX('Annex 1 LV, HV and UMS charges'!$B$12:$B$45,MATCH($A75,'Annex 1 LV, HV and UMS charges'!$A$12:$A$310,0)),INDEX('Annex 4 LDNO charges'!$B$14:$B$203,MATCH($A75,'Annex 4 LDNO charges'!$A$14:$A$203,0)))=0,"",IFERROR(INDEX('Annex 1 LV, HV and UMS charges'!$B$12:$B$45,MATCH($A75,'Annex 1 LV, HV and UMS charges'!$A$12:$A$310,0)),INDEX('Annex 4 LDNO charges'!$B$14:$B$203,MATCH($A75,'Annex 4 LDNO charges'!$A$14:$A$203,0)))) -> B53 | C75: 0 | E75: -0.02
... A78: LDNO HVplus: HV Site Specific Band 4 | B78: =IF(IFERROR(INDEX('Annex 1 LV, HV and UMS charges'!$B$12:$B$45,MATCH($A78,'Annex 1 LV, HV and UMS charges'!$A$12:$A$310,0)),INDEX('Annex 4 LDNO charges'!$B$14:$B$203,MATCH($A78,'Annex 4 LDNO charges'!$A$14:$A$203,0)))=0,"",IFERROR(INDEX('Annex 1 LV, HV and UMS charges'!$B$12:$B$45,MATCH($A78,'Annex 1 LV, HV and UMS charges'!$A$12:$A$310,0)),INDEX('Annex 4 LDNO charges'!$B$14:$B$203,MATCH($A78,'Annex 4 LDNO charges'!$A$14:$A$203,0)))) -> B59 | C78: 0 | E78: -0.02
A79: LDNO EHV: Domestic Aggregated or CT with Residual | B79: =IF(IFERROR(INDEX('Annex 1 LV, HV and UMS charges'!$B$12:$B$45,MATCH($A79,'Annex 1 LV, HV and UMS charges'!$A$12:$A$310,0)),INDEX('Annex 4 LDNO charges'!$B$14:$B$203,MATCH($A79,'Annex 4 LDNO charges'!$A$14:$A$203,0)))=0,"",IFERROR(INDEX('Annex 1 LV, HV and UMS charges'!$B$12:$B$45,MATCH($A79,'Annex 1 LV, HV and UMS charges'!$A$12:$A$310,0)),INDEX('Annex 4 LDNO charges'!$B$14:$B$203,MATCH($A79,'Annex 4 LDNO charges'!$A$14:$A$203,0)))) | C79: 0, 1, 2 | D79: 0 | E79: -0.02
A80: LDNO EHV: Non-Domestic Aggregated or CT No Residual | B80: =IF(IFERROR(INDEX('Annex 1 LV, HV and UMS charges'!$B$12:$B$45,MATCH($A80,'Annex 1 LV, HV and UMS charges'!$A$12:$A$310,0)),INDEX('Annex 4 LDNO charges'!$B$14:$B$203,MATCH($A80,'Annex 4 LDNO charges'!$A$14:$A$203,0)))=0,"",IFERROR(INDEX('Annex 1 LV, HV and UMS charges'!$B$12:$B$45,MATCH($A80,'Annex 1 LV, HV and UMS charges'!$A$12:$A$310,0)),INDEX('Annex 4 LDNO charges'!$B$14:$B$203,MATCH($A80,'Annex 4 LDNO charges'!$A$14:$A$203,0)))) | C80: 0, 3, 4, 5-8 | E80: -0.02
A81: LDNO EHV: Non-Domestic Aggregated or CT Band 1 | B81: =IF(IFERROR(INDEX('Annex 1 LV, HV and UMS charges'!$B$12:$B$45,MATCH($A81,'Annex 1 LV, HV and UMS charges'!$A$12:$A$310,0)),INDEX('Annex 4 LDNO charges'!$B$14:$B$203,MATCH($A81,'Annex 4 LDNO charges'!$A$14:$A$203,0)))=0,"",IFERROR(INDEX('Annex 1 LV, HV and UMS charges'!$B$12:$B$45,MATCH($A81,'Annex 1 LV, HV and UMS charges'!$A$12:$A$310,0)),INDEX('Annex 4 LDNO charges'!$B$14:$B$203,MATCH($A81,'Annex 4 LDNO charges'!$A$14:$A$203,0)))) | C81: 0, 3, 4, 5-8 | E81: -0.02
A82: LDNO EHV: Non-Domestic Aggregated or CT Band 2 | B82: =IF(IFERROR(INDEX('Annex 1 LV, HV and UMS charges'!$B$12:$B$45,MATCH($A82,'Annex 1 LV, HV and UMS charges'!$A$12:$A$310,0)),INDEX('Annex 4 LDNO charges'!$B$14:$B$203,MATCH($A82,'Annex 4 LDNO charges'!$A$14:$A$203,0)))=0,"",IFERROR(INDEX('Annex 1 LV, HV and UMS charges'!$B$12:$B$45,MATCH($A82,'Annex 1 LV, HV and UMS charges'!$A$12:$A$310,0)),INDEX('Annex 4 LDNO charges'!$B$14:$B$203,MATCH($A82,'Annex 4 LDNO charges'!$A$14:$A$203,0)))) | C82: 0, 3, 4, 5-8 | E82: -0.02
A83: LDNO EHV: Non-Domestic Aggregated or CT Band 3 | B83: =IF(IFERROR(INDEX('Annex 1 LV, HV and UMS charges'!$B$12:$B$45,MATCH($A83,'Annex 1 LV, HV and UMS charges'!$A$12:$A$310,0)),INDEX('Annex 4 LDNO charges'!$B$14:$B$203,MATCH($A83,'Annex 4 LDNO charges'!$A$14:$A$203,0)))=0,"",IFERROR(INDEX('Annex 1 LV, HV and UMS charges'!$B$12:$B$45,MATCH($A83,'Annex 1 LV, HV and UMS charges'!$A$12:$A$310,0)),INDEX('Annex 4 LDNO charges'!$B$14:$B$203,MATCH($A83,'Annex 4 LDNO charges'!$A$14:$A$203,0)))) | C83: 0, 3, 4, 5-8 | E83: -0.02
A84: LDNO EHV: Non-Domestic Aggregated or CT Band 4 | B84: =IF(IFERROR(INDEX('Annex 1 LV, HV and UMS charges'!$B$12:$B$45,MATCH($A84,'Annex 1 LV, HV and UMS charges'!$A$12:$A$310,0)),INDEX('Annex 4 LDNO charges'!$B$14:$B$203,MATCH($A84,'Annex 4 LDNO charges'!$A$14:$A$203,0)))=0,"",IFERROR(INDEX('Annex 1 LV, HV and UMS charges'!$B$12:$B$45,MATCH($A84,'Annex 1 LV, HV and UMS charges'!$A$12:$A$310,0)),INDEX('Annex 4 LDNO charges'!$B$14:$B$203,MATCH($A84,'Annex 4 LDNO charges'!$A$14:$A$203,0)))) | C84: 0, 3, 4, 5-8 | E84: -0.02
A85: LDNO EHV: LV Site Specific No Residual | B85: =IF(IFERROR(INDEX('Annex 1 LV, HV and UMS charges'!$B$12:$B$45,MATCH($A85,'Annex 1 LV, HV and UMS charges'!$A$12:$A$310,0)),INDEX('Annex 4 LDNO charges'!$B$14:$B$203,MATCH($A85,'Annex 4 LDNO charges'!$A$14:$A$203,0)))=0,"",IFERROR(INDEX('Annex 1 LV, HV and UMS charges'!$B$12:$B$45,MATCH($A85,'Annex 1 LV, HV and UMS charges'!$A$12:$A$310,0)),INDEX('Annex 4 LDNO charges'!$B$14:$B$203,MATCH($A85,'Annex 4 LDNO charges'!$A$14:$A$203,0)))) | C85: 0 | E85: -0.02
A86: LDNO EHV: LV Site Specific Band 1 | B86: =IF(IFERROR(INDEX('Annex 1 LV, HV and UMS charges'!$B$12:$B$45,MATCH($A86,'Annex 1 LV, HV and UMS charges'!$A$12:$A$310,0)),INDEX('Annex 4 LDNO charges'!$B$14:$B$203,MATCH($A86,'Annex 4 LDNO charges'!$A$14:$A$203,0)))=0,"",IFERROR(INDEX('Annex 1 LV, HV and UMS charges'!$B$12:$B$45,MATCH($A86,'Annex 1 LV, HV and UMS charges'!$A$12:$A$310,0)),INDEX('Annex 4 LDNO charges'!$B$14:$B$203,MATCH($A86,'Annex 4 LDNO charges'!$A$14:$A$203,0)))) | C86: 0 | E86: -0.02
A87: LDNO EHV: LV Site Specific Band 2 | B87: =IF(IFERROR(INDEX('Annex 1 LV, HV and UMS charges'!$B$12:$B$45,MATCH($A87,'Annex 1 LV, HV and UMS charges'!$A$12:$A$310,0)),INDEX('Annex 4 LDNO charges'!$B$14:$B$203,MATCH($A87,'Annex 4 LDNO charges'!$A$14:$A$203,0)))=0,"",IFERROR(INDEX('Annex 1 LV, HV and UMS charges'!$B$12:$B$45,MATCH($A87,'Annex 1 LV, HV and UMS charges'!$A$12:$A$310,0)),INDEX('Annex 4 LDNO charges'!$B$14:$B$203,MATCH($A87,'Annex 4 LDNO charges'!$A$14:$A$203,0)))) | C87: 0 | E87: -0.02
A88: LDNO EHV: LV Site Specific Band 3 | B88: =IF(IFERROR(INDEX('Annex 1 LV, HV and UMS charges'!$B$12:$B$45,MATCH($A88,'Annex 1 LV, HV and UMS charges'!$A$12:$A$310,0)),INDEX('Annex 4 LDNO charges'!$B$14:$B$203,MATCH($A88,'Annex 4 LDNO charges'!$A$14:$A$203,0)))=0,"",IFERROR(INDEX('Annex 1 LV, HV and UMS charges'!$B$12:$B$45,MATCH($A88,'Annex 1 LV, HV and UMS charges'!$A$12:$A$310,0)),INDEX('Annex 4 LDNO charges'!$B$14:$B$203,MATCH($A88,'Annex 4 LDNO charges'!$A$14:$A$203,0)))) | C88: 0 | E88: -0.02
A89: LDNO EHV: LV Site Specific Band 4 | B89: =IF(IFERROR(INDEX('Annex 1 LV, HV and UMS charges'!$B$12:$B$45,MATCH($A89,'Annex 1 LV, HV and UMS charges'!$A$12:$A$310,0)),INDEX('Annex 4 LDNO charges'!$B$14:$B$203,MATCH($A89,'Annex 4 LDNO charges'!$A$14:$A$203,0)))=0,"",IFERROR(INDEX('Annex 1 LV, HV and UMS charges'!$B$12:$B$45,MATCH($A89,'Annex 1 LV, HV and UMS charges'!$A$12:$A$310,0)),INDEX('Annex 4 LDNO charges'!$B$14:$B$203,MATCH($A89,'Annex 4 LDNO charges'!$A$14:$A$203,0)))) | C89: 0 | E89: -0.02
A90: LDNO EHV: LV Sub Site Specific No Residual | B90: =IF(IFERROR(INDEX('Annex 1 LV, HV and UMS charges'!$B$12:$B$45,MATCH($A90,'Annex 1 LV, HV and UMS charges'!$A$12:$A$310,0)),INDEX('Annex 4 LDNO charges'!$B$14:$B$203,MATCH($A90,'Annex 4 LDNO charges'!$A$14:$A$203,0)))=0,"",IFERROR(INDEX('Annex 1 LV, HV and UMS charges'!$B$12:$B$45,MATCH($A90,'Annex 1 LV, HV and UMS charges'!$A$12:$A$310,0)),INDEX('Annex 4 LDNO charges'!$B$14:$B$203,MATCH($A90,'Annex 4 LDNO charges'!$A$14:$A$203,0)))) | C90: 0 | E90: -0.02
A91: LDNO EHV: LV Sub Site Specific Band 1 | B91: =IF(IFERROR(INDEX('Annex 1 LV, HV and UMS charges'!$B$12:$B$45,MATCH($A91,'Annex 1 LV, HV and UMS charges'!$A$12:$A$310,0)),INDEX('Annex 4 LDNO charges'!$B$14:$B$203,MATCH($A91,'Annex 4 LDNO charges'!$A$14:$A$203,0)))=0,"",IFERROR(INDEX('Annex 1 LV, HV and UMS charges'!$B$12:$B$45,MATCH($A91,'Annex 1 LV, HV and UMS charges'!$A$12:$A$310,0)),INDEX('Annex 4 LDNO charges'!$B$14:$B$203,MATCH($A91,'Annex 4 LDNO charges'!$A$14:$A$203,0)))) | C91: 0 | E91: -0.02
A92: LDNO EHV: LV Sub Site Specific Band 2 | B92: =IF(IFERROR(INDEX('Annex 1 LV, HV and UMS charges'!$B$12:$B$45,MATCH($A92,'Annex 1 LV, HV and UMS charges'!$A$12:$A$310,0)),INDEX('Annex 4 LDNO charges'!$B$14:$B$203,MATCH($A92,'Annex 4 LDNO charges'!$A$14:$A$203,0)))=0,"",IFERROR(INDEX('Annex 1 LV, HV and UMS charges'!$B$12:$B$45,MATCH($A92,'Annex 1 LV, HV and UMS charges'!$A$12:$A$310,0)),INDEX('Annex 4 LDNO charges'!$B$14:$B$203,MATCH($A92,'Annex 4 LDNO charges'!$A$14:$A$203,0)))) | C92: 0 | E92: -0.02
A93: LDNO EHV: LV Sub Site Specific Band 3 | B93: =IF(IFERROR(INDEX('Annex 1 LV, HV and UMS charges'!$B$12:$B$45,MATCH($A93,'Annex 1 LV, HV and UMS charges'!$A$12:$A$310,0)),INDEX('Annex 4 LDNO charges'!$B$14:$B$203,MATCH($A93,'Annex 4 LDNO charges'!$A$14:$A$203,0)))=0,"",IFERROR(INDEX('Annex 1 LV, HV and UMS charges'!$B$12:$B$45,MATCH($A93,'Annex 1 LV, HV and UMS charges'!$A$12:$A$310,0)),INDEX('Annex 4 LDNO charges'!$B$14:$B$203,MATCH($A93,'Annex 4 LDNO charges'!$A$14:$A$203,0)))) | C93: 0 | E93: -0.02
A94: LDNO EHV: LV Sub Site Specific Band 4 | B94: =IF(IFERROR(INDEX('Annex 1 LV, HV and UMS charges'!$B$12:$B$45,MATCH($A94,'Annex 1 LV, HV and UMS charges'!$A$12:$A$310,0)),INDEX('Annex 4 LDNO charges'!$B$14:$B$203,MATCH($A94,'Annex 4 LDNO charges'!$A$14:$A$203,0)))=0,"",IFERROR(INDEX('Annex 1 LV, HV and UMS charges'!$B$12:$B$45,MATCH($A94,'Annex 1 LV, HV and UMS charges'!$A$12:$A$310,0)),INDEX('Annex 4 LDNO charges'!$B$14:$B$203,MATCH($A94,'Annex 4 LDNO charges'!$A$14:$A$203,0)))) | C94: 0 | E94: -0.02
A95: LDNO EHV: HV Site Specific No Residual | B95: =IF(IFERROR(INDEX('Annex 1 LV, HV and UMS charges'!$B$12:$B$45,MATCH($A95,'Annex 1 LV, HV and UMS charges'!$A$12:$A$310,0)),INDEX('Annex 4 LDNO charges'!$B$14:$B$203,MATCH($A95,'Annex 4 LDNO charges'!$A$14:$A$203,0)))=0,"",IFERROR(INDEX('Annex 1 LV, HV and UMS charges'!$B$12:$B$45,MATCH($A95,'Annex 1 LV, HV and UMS charges'!$A$12:$A$310,0)),INDEX('Annex 4 LDNO charges'!$B$14:$B$203,MATCH($A95,'Annex 4 LDNO charges'!$A$14:$A$203,0)))) | C95: 0 | E95: -0.02
A96: LDNO EHV: HV Site Specific Band 1 | B96: =IF(IFERROR(INDEX('Annex 1 LV, HV and UMS charges'!$B$12:$B$45,MATCH($A96,'Annex 1 LV, HV and UMS charges'!$A$12:$A$310,0)),INDEX('Annex 4 LDNO charges'!$B$14:$B$203,MATCH($A96,'Annex 4 LDNO charges'!$A$14:$A$203,0)))=0,"",IFERROR(INDEX('Annex 1 LV, HV and UMS charges'!$B$12:$B$45,MATCH($A96,'Annex 1 LV, HV and UMS charges'!$A$12:$A$310,0)),INDEX('Annex 4 LDNO charges'!$B$14:$B$203,MATCH($A96,'Annex 4 LDNO charges'!$A$14:$A$203,0)))) | C96: 0 | E96: -0.02
... A99: LDNO EHV: HV Site Specific Band 4 | B99: =IF(IFERROR(INDEX('Annex 1 LV, HV and UMS charges'!$B$12:$B$45,MATCH($A99,'Annex 1 LV, HV and UMS charges'!$A$12:$A$310,0)),INDEX('Annex 4 LDNO charges'!$B$14:$B$203,MATCH($A99,'Annex 4 LDNO charges'!$A$14:$A$203,0)))=0,"",IFERROR(INDEX('Annex 1 LV, HV and UMS charges'!$B$12:$B$45,MATCH($A99,'Annex 1 LV, HV and UMS charges'!$A$12:$A$310,0)),INDEX('Annex 4 LDNO charges'!$B$14:$B$203,MATCH($A99,'Annex 4 LDNO charges'!$A$14:$A$203,0)))) | C99: 0 | E99: -0.02
A100: LDNO 132kV/EHV: Domestic Aggregated or CT with Residual | B100: =IF(IFERROR(INDEX('Annex 1 LV, HV and UMS charges'!$B$12:$B$45,MATCH($A100,'Annex 1 LV, HV and UMS charges'!$A$12:$A$310,0)),INDEX('Annex 4 LDNO charges'!$B$14:$B$203,MATCH($A100,'Annex 4 LDNO charges'!$A$14:$A$203,0)))=0,"",IFERROR(INDEX('Annex 1 LV, HV and UMS charges'!$B$12:$B$45,MATCH($A100,'Annex 1 LV, HV and UMS charges'!$A$12:$A$310,0)),INDEX('Annex 4 LDNO charges'!$B$14:$B$203,MATCH($A100,'Annex 4 LDNO charges'!$A$14:$A$203,0)))) | C100: 0, 1, 2 | D100: 0 | E100: -0.02
A101: LDNO 132kV/EHV: Non-Domestic Aggregated or CT No Residual | B101: =IF(IFERROR(INDEX('Annex 1 LV, HV and UMS charges'!$B$12:$B$45,MATCH($A101,'Annex 1 LV, HV and UMS charges'!$A$12:$A$310,0)),INDEX('Annex 4 LDNO charges'!$B$14:$B$203,MATCH($A101,'Annex 4 LDNO charges'!$A$14:$A$203,0)))=0,"",IFERROR(INDEX('Annex 1 LV, HV and UMS charges'!$B$12:$B$45,MATCH($A101,'Annex 1 LV, HV and UMS charges'!$A$12:$A$310,0)),INDEX('Annex 4 LDNO charges'!$B$14:$B$203,MATCH($A101,'Annex 4 LDNO charges'!$A$14:$A$203,0)))) | C101: 0, 3, 4, 5-8 | E101: -0.02
A102: LDNO 132kV/EHV: Non-Domestic Aggregated or CT Band 1 | B102: =IF(IFERROR(INDEX('Annex 1 LV, HV and UMS charges'!$B$12:$B$45,MATCH($A102,'Annex 1 LV, HV and UMS charges'!$A$12:$A$310,0)),INDEX('Annex 4 LDNO charges'!$B$14:$B$203,MATCH($A102,'Annex 4 LDNO charges'!$A$14:$A$203,0)))=0,"",IFERROR(INDEX('Annex 1 LV, HV and UMS charges'!$B$12:$B$45,MATCH($A102,'Annex 1 LV, HV and UMS charges'!$A$12:$A$310,0)),INDEX('Annex 4 LDNO charges'!$B$14:$B$203,MATCH($A102,'Annex 4 LDNO charges'!$A$14:$A$203,0)))) | C102: 0, 3, 4, 5-8 | E102: -0.02
A103: LDNO 132kV/EHV: Non-Domestic Aggregated or CT Band 2 | B103: =IF(IFERROR(INDEX('Annex 1 LV, HV and UMS charges'!$B$12:$B$45,MATCH($A103,'Annex 1 LV, HV and UMS charges'!$A$12:$A$310,0)),INDEX('Annex 4 LDNO charges'!$B$14:$B$203,MATCH($A103,'Annex 4 LDNO charges'!$A$14:$A$203,0)))=0,"",IFERROR(INDEX('Annex 1 LV, HV and UMS charges'!$B$12:$B$45,MATCH($A103,'Annex 1 LV, HV and UMS charges'!$A$12:$A$310,0)),INDEX('Annex 4 LDNO charges'!$B$14:$B$203,MATCH($A103,'Annex 4 LDNO charges'!$A$14:$A$203,0)))) | C103: 0, 3, 4, 5-8 | E103: -0.02
A104: LDNO 132kV/EHV: Non-Domestic Aggregated or CT Band 3 | B104: =IF(IFERROR(INDEX('Annex 1 LV, HV and UMS charges'!$B$12:$B$45,MATCH($A104,'Annex 1 LV, HV and UMS charges'!$A$12:$A$310,0)),INDEX('Annex 4 LDNO charges'!$B$14:$B$203,MATCH($A104,'Annex 4 LDNO charges'!$A$14:$A$203,0)))=0,"",IFERROR(INDEX('Annex 1 LV, HV and UMS charges'!$B$12:$B$45,MATCH($A104,'Annex 1 LV, HV and UMS charges'!$A$12:$A$310,0)),INDEX('Annex 4 LDNO charges'!$B$14:$B$203,MATCH($A104,'Annex 4 LDNO charges'!$A$14:$A$203,0)))) | C104: 0, 3, 4, 5-8 | E104: -0.02
A105: LDNO 132kV/EHV: Non-Domestic Aggregated or CT Band 4 | B105: =IF(IFERROR(INDEX('Annex 1 LV, HV and UMS charges'!$B$12:$B$45,MATCH($A105,'Annex 1 LV, HV and UMS charges'!$A$12:$A$310,0)),INDEX('Annex 4 LDNO charges'!$B$14:$B$203,MATCH($A105,'Annex 4 LDNO charges'!$A$14:$A$203,0)))=0,"",IFERROR(INDEX('Annex 1 LV, HV and UMS charges'!$B$12:$B$45,MATCH($A105,'Annex 1 LV, HV and UMS charges'!$A$12:$A$310,0)),INDEX('Annex 4 LDNO charges'!$B$14:$B$203,MATCH($A105,'Annex 4 LDNO charges'!$A$14:$A$203,0)))) | C105: 0, 3, 4, 5-8 | E105: -0.02
A106: LDNO 132kV/EHV: LV Site Specific No Residual | B106: =IF(IFERROR(INDEX('Annex 1 LV, HV and UMS charges'!$B$12:$B$45,MATCH($A106,'Annex 1 LV, HV and UMS charges'!$A$12:$A$310,0)),INDEX('Annex 4 LDNO charges'!$B$14:$B$203,MATCH($A106,'Annex 4 LDNO charges'!$A$14:$A$203,0)))=0,"",IFERROR(INDEX('Annex 1 LV, HV and UMS charges'!$B$12:$B$45,MATCH($A106,'Annex 1 LV, HV and UMS charges'!$A$12:$A$310,0)),INDEX('Annex 4 LDNO charges'!$B$14:$B$203,MATCH($A106,'Annex 4 LDNO charges'!$A$14:$A$203,0)))) | C106: 0 | E106: -0.02
A107: LDNO 132kV/EHV: LV Site Specific Band 1 | B107: =IF(IFERROR(INDEX('Annex 1 LV, HV and UMS charges'!$B$12:$B$45,MATCH($A107,'Annex 1 LV, HV and UMS charges'!$A$12:$A$310,0)),INDEX('Annex 4 LDNO charges'!$B$14:$B$203,MATCH($A107,'Annex 4 LDNO charges'!$A$14:$A$203,0)))=0,"",IFERROR(INDEX('Annex 1 LV, HV and UMS charges'!$B$12:$B$45,MATCH($A107,'Annex 1 LV, HV and UMS charges'!$A$12:$A$310,0)),INDEX('Annex 4 LDNO charges'!$B$14:$B$203,MATCH($A107,'Annex 4 LDNO charges'!$A$14:$A$203,0)))) | C107: 0 | E107: -0.02
A108: LDNO 132kV/EHV: LV Site Specific Band 2 | B108: =IF(IFERROR(INDEX('Annex 1 LV, HV and UMS charges'!$B$12:$B$45,MATCH($A108,'Annex 1 LV, HV and UMS charges'!$A$12:$A$310,0)),INDEX('Annex 4 LDNO charges'!$B$14:$B$203,MATCH($A108,'Annex 4 LDNO charges'!$A$14:$A$203,0)))=0,"",IFERROR(INDEX('Annex 1 LV, HV and UMS charges'!$B$12:$B$45,MATCH($A108,'Annex 1 LV, HV and UMS charges'!$A$12:$A$310,0)),INDEX('Annex 4 LDNO charges'!$B$14:$B$203,MATCH($A108,'Annex 4 LDNO charges'!$A$14:$A$203,0)))) | C108: 0 | E108: -0.02
A109: LDNO 132kV/EHV: LV Site Specific Band 3 | B109: =IF(IFERROR(INDEX('Annex 1 LV, HV and UMS charges'!$B$12:$B$45,MATCH($A109,'Annex 1 LV, HV and UMS charges'!$A$12:$A$310,0)),INDEX('Annex 4 LDNO charges'!$B$14:$B$203,MATCH($A109,'Annex 4 LDNO charges'!$A$14:$A$203,0)))=0,"",IFERROR(INDEX('Annex 1 LV, HV and UMS charges'!$B$12:$B$45,MATCH($A109,'Annex 1 LV, HV and UMS charges'!$A$12:$A$310,0)),INDEX('Annex 4 LDNO charges'!$B$14:$B$203,MATCH($A109,'Annex 4 LDNO charges'!$A$14:$A$203,0)))) | C109: 0 | E109: -0.02
...

Sheet Nodal prices
A1: Back to Overview
A2: =Overview!B4& " - Effective from "&Overview!D4&" - "&Overview!E4&" Nodal/Zonal charges" -> Aidien Limited - GSP_B - Effective from 1 April 2025 - Final Nodal/Zonal charges
A3: Location name/ID | B3: Parent location | C3: Local charge 1 £/kVA/year | D3: Remote charge 1 £/kVA/year

Sheet SSC unit rate lookup
A1: Back to Overview
A28: Standard Settlement Configuration Id | B28: Standard Settlement Configuration Desc | C28: Common Decode | F28: Change implemented | G28: Date | H28: Comments
A29: 3 | B29: 10-hour OP | C29: A/R | F29: Notes updated | G29: 43626 | H29: Updated to reflect DCP 268 which delinks all tariffs from the TPR bands
A30: 4 | B30: 10-hour OP | C30: A/R | F30: Code 1 & 2 changed to A | G30: 43626 | H30: Updated to reflect DCP 268 which delinks all tariffs from the TPR bands
A31: 5 | B31: 10-hour OP + w/e | C31: A/R | F31: Code O changed to A/R | G31: 43626 | H31: Updated to reflect DCP 268 which delinks all tariffs from the TPR bands
A32: 6 | B32: 10.5-hour OP | C32: A/R | F32: Removed TPR | G32: 43626 | H32: Removed TPR lookup element as this no longer effects which rate to apply
A33: 7 | B33: 10.5-hour OP | C33: A/R
A34: 8 | B34: 10.5-hour OP | C34: A/R
A35: 9 | B35: 10.5-hour OP | C35: A/R
A36: 10 | B36: 10.5-hour OP | C36: A/R
A37: 11 | B37: 10.5-hour OP | C37: A/R
A38: 12 | B38: 10.5-hour OP | C38: A/R
A39: 13 | B39: 11 Hour OP | C39: A/R
A40: 15 | B40: 11 Hour OP | C40: A/R
A41: 16 | B41: 11.5-hour OP | C41: A/R
A42: 17 | B42: 11.5-hour OP | C42: A/R
A43: 18 | B43: 11.5-hour OP | C43: A/R
A44: 19 | B44: 11.5-hour OP | C44: A/R
... A764: 997 | B764: Evening/Weekend - BST | C764: A

Sheet Residual Charging Bands
A1: Back to Overview
A2: =Overview!B4& " - Effective from "&Overview!C4&" - "&Overview!E4&" Residual Charging Bands" -> Aidien Limited - GSP_B - Effective from 2025/26 - Final Residual Charging Bands
A4: Voltage of Connection | B4: Band | C4: Units | D4: Lower Threshold* | E4: Upper Threshold* | F4: Residual Charge per MPAN (£)
A5: Domestic Aggregated | B5: Single band | C5: - | D5: - | E5: -
A6: Designated Properties connected at LV, billing with no MIC | B6: 1 | C6: kWh | D6: 0 | E6: 3571
B7: 2 | C7: kWh | D7: 3571 | E7: 12553
B8: 3 | C8: kWh | D8: 12553 | E8: 25279
B9: 4 | C9: kWh | D9: 25279 | E9: ∞
A10: Designated Properties connected at LV, billing with MIC | B10: 1 | C10: kVA | D10: 0 | E10: 80
B11: 2 | C11: kVA | D11: 80 | E11: 150
B12: 3 | C12: kVA | D12: 150 | E12: 231
B13: 4 | C13: kVA | D13: 231 | E13: ∞
A14: Designated Properties connected at HV | B14: 1 | C14: kVA | D14: 0 | E14: 422
B15: 2 | C15: kVA | D15: 422 | E15: 1000
B16: 3 | C16: kVA | D16: 1000 | E16: 1800
B17: 4 | C17: kVA | D17: 1800 | E17: ∞
A18: Designated EHV Properties | B18: 1 | C18: kVA | D18: 0 | E18: 5000
B19: 2 | C19: kVA | D19: 5000 | E19: 12000
B20: 3 | C20: kVA | D20: 12000 | E20: 21500
B21: 4 | C21: kVA | D21: 21500 | E21: ∞
A22: * All boundaries are inclusive of the upper threshold and exclusive of the lower threshold i.e. Lower < x ≤ Upper.

Sheet TNUoS Mapping
A1: Back to Overview
A2: =Overview!C4&" - Effective from "&Overview!D4&" - "&Overview!F4&" TNUoS Mapping" -> 2025/26 - Effective from 1 April 2025 - TNUoS Mapping
A3: DUoS Tariff name | B3: TNUoS Site Charging Band
A4: Domestic Aggregated or CT with Residual | B4: Domestic
A5: Domestic Aggregated (Related MPAN) | B5: n/a (Non-Final Demand Site)
A6: Non-Domestic Aggregated or CT No Residual | B6: =$B$5 -> n/a (Non-Final Demand Site)
A7: Non-Domestic Aggregated or CT Band 1 | B7: LV_NoMIC_1
A8: Non-Domestic Aggregated or CT Band 2 | B8: LV_NoMIC_2
A9: Non-Domestic Aggregated or CT Band 3 | B9: LV_NoMIC_3
A10: Non-Domestic Aggregated or CT Band 4 | B10: LV_NoMIC_4
A11: Non-Domestic Aggregated (related MPAN) | B11: =$B$5 -> n/a (Non-Final Demand Site)
A12: LV Site Specific No Residual | B12: =$B$5 -> n/a (Non-Final Demand Site)
A13: LV Site Specific Band 1 | B13: LV1
A14: LV Site Specific Band 2 | B14: LV2
A15: LV Site Specific Band 3 | B15: LV3
A16: LV Site Specific Band 4 | B16: LV4
A17: LV Sub Site Specific No Residual | B17: =$B$5 -> n/a (Non-Final Demand Site)
A18: LV Sub Site Specific Band 1 | B18: LV1
A19: LV Sub Site Specific Band 2 | B19: LV2
A20: LV Sub Site Specific Band 3 | B20: LV3
A21: LV Sub Site Specific Band 4 | B21: LV4
A22: HV Site Specific No Residual | B22: =$B$5 -> n/a (Non-Final Demand Site)
A23: HV Site Specific Band 1 | B23: HV1
A24: HV Site Specific Band 2 | B24: HV2
A25: HV Site Specific Band 3 | B25: HV3
A26: HV Site Specific Band 4 | B26: HV4
A27: Unmetered Supplies | B27: n/a (p/kWh charge)
A28: LV Generation Aggregated | B28: =$B$5 -> n/a (Non-Final Demand Site)
A29: LV Sub Generation Aggregated | B29: =$B$5 -> n/a (Non-Final Demand Site)
A30: LV Generation Site Specific | B30: =$B$5 -> n/a (Non-Final Demand Site)
A31: LV Generation Site Specific no RP charge | B31: =$B$5 -> n/a (Non-Final Demand Site)
A32: LV Sub Generation Site Specific | B32: =$B$5 -> n/a (Non-Final Demand Site)
A33: LV Sub Generation Site Specific no RP charge | B33: =$B$5 -> n/a (Non-Final Demand Site)
A34: HV Generation Site Specific | B34: =$B$5 -> n/a (Non-Final Demand Site)
A35: HV Generation Site Specific no RP charge | B35: =$B$5 -> n/a (Non-Final Demand Site)
A36: Designated EHV Site Specific No Residual | B36: =$B$5 -> n/a (Non-Final Demand Site)
A37: Designated EHV Site Specific Band 1 | B37: EHV1
A38: Designated EHV Site Specific Band 2 | B38: EHV2
A39: Designated EHV Site Specific Band 3 | B39: EHV3
A40: Designated EHV Site Specific Band 4 | B40: EHV4

Sheet Charge Calculator
B1: Back to Overview
B2: =Overview!B4& " - Effective from "&Overview!D4&" - "&Overview!E4 -> Aidien Limited - GSP_B - Effective from 1 April 2025 - Final | AC2: Red/black unit charge p/kWh | AD2: Amber/yellow unit charge p/kWh | AE2: Green unit charge p/kWh | AF2: Fixed charge p/MPAN/day | AG2: Capacity charge p/kVA/day | AH2: Exceeded capacity charge p/kVA/day | AI2: Reactive power charge p/kVArh
AB3: Domestic Aggregated | AC3: Red unit charge p/kWh | AD3: Amber unit charge p/kWh | AE3: Green unit charge p/kWh | AF3: Fixed charge p/MPAN/day | AG3: n/a | AH3: n/a | AI3: n/a
B4: LV and HV designated properties and Unmetered Supplies tariff calculator | L4: EHV designated property calculator | AB4: Domestic Aggregated (related MPAN) | AC4: Red unit charge p/kWh | AD4: Amber unit charge p/kWh | AE4: Green unit charge p/kWh | AF4: n/a | AG4: n/a | AH4: n/a | AI4: n/a
B5: Step 1, Choose your tariff using the drop down list in cell B10 | L5: Step 1, Choose your tariff using the drop down list in cell L10 | AB5: Non-Domestic Aggregated | AC5: Red unit charge p/kWh | AD5: Amber unit charge p/kWh | AE5: Green unit charge p/kWh | AF5: Fixed charge p/MPAN/day | AG5: n/a | AH5: n/a | AI5: n/a
B6: Step 2, After selecting a tariff in step 1, Cells C12-I12 will generate headings, please enter your consumption in cells C13:I13 underneath each heading generated (if no heading leave cell blank) | L6: Step 2, After selecting a tariff in step 1, Cells M12-T12 will generate headings, please enter your consumption in cells M13:T13 underneath each heading generated (if no heading leave cell blank) | AB6: Non-Domestic Aggregated (related MPAN) | AC6: Red unit charge p/kWh | AD6: Amber unit charge p/kWh | AE6: Green unit charge p/kWh | AF6: n/a | AG6: n/a | AH6: n/a | AI6: n/a
B7: Step 3, Enter a forecast of consumption if required in cells C14:I14 | L7: Step 3, Enter a forecast of consumption if required in cells M14:T14 | AB7: LV Site Specific | AC7: Red unit charge p/kWh | AD7: Amber unit charge p/kWh | AE7: Green unit charge p/kWh | AF7: Fixed charge p/MPAN/day | AG7: Capacity charge p/kVA/day | AH7: Exceeded Capacity charge p/kVA/day | AI7: Reactive power charge p/kVArh
AB8: LV Sub Site Specific | AC8: Red unit charge p/kWh | AD8: Amber unit charge p/kWh | AE8: Green unit charge p/kWh | AF8: Fixed charge p/MPAN/day | AG8: Capacity charge p/kVA/day | AH8: Exceeded Capacity charge p/kVA/day | AI8: Reactive power charge p/kVArh
B9: Tariff details Choose tariff name from drop down box below | C9: =IFERROR(VLOOKUP($B$10,$AB$2:$AI$18,2,FALSE),AC2) -> Red unit charge p/kWh | D9: =IFERROR(VLOOKUP($B$10,$AB$2:$AI$18,3,FALSE),AD2) -> Amber unit charge p/kWh | E9: =IFERROR(VLOOKUP($B$10,$AB$2:$AI$18,4,FALSE),AE2) -> Green unit charge p/kWh | F9: =IFERROR(VLOOKUP($B$10,$AB$2:$AI$18,5,FALSE),AF2) -> Fixed charge p/MPAN/day | G9: =IFERROR(VLOOKUP($B$10,$AB$2:$AI$18,6,FALSE),AG2) -> Capacity charge p/kVA/day | H9: =IFERROR(VLOOKUP($B$10,$AB$2:$AI$18,7,FALSE),AH2) -> Exceeded Capacity charge p/kVA/day | I9: =IFERROR(VLOOKUP($B$10,$AB$2:$AI$18,8,FALSE),AI2) -> Reactive power charge p/kVArh | L9: Site details Choose the site name from the drop down box below | M9: =#REF! -> #REF! | N9: =#REF! -> #REF! | O9: =#REF! -> #REF! | P9: =#REF! -> #REF! | Q9: =#REF! -> #REF! | R9: =#REF! -> #REF! | S9: =#REF! -> #REF! | T9: =#REF! -> #REF! | AB9: HV Site Specific | AC9: Red unit charge p/kWh | AD9: Amber unit charge p/kWh | AE9: Green unit charge p/kWh | AF9: Fixed charge p/MPAN/day | AG9: Capacity charge p/kVA/day | AH9: Exceeded Capacity charge p/kVA/day | AI9: Reactive power charge p/kVArh
B10: LV Site Specific | C10: =IFERROR(VLOOKUP($B$10,'Annex 1 LV, HV and UMS charges'!$A:$K,4,FALSE),"") | D10: =IFERROR(VLOOKUP($B$10,'Annex 1 LV, HV and UMS charges'!$A:$K,5,FALSE),"") | E10: =IFERROR(VLOOKUP($B$10,'Annex 1 LV, HV and UMS charges'!$A:$K,6,FALSE),"") | F10: =IFERROR(VLOOKUP($B$10,'Annex 1 LV, HV and UMS charges'!$A:$K,7,FALSE),"") | G10: =IFERROR(VLOOKUP($B$10,'Annex 1 LV, HV and UMS charges'!$A:$K,8,FALSE),"") | H10: =IFERROR(VLOOKUP($B$10,'Annex 1 LV, HV and UMS charges'!$A:$K,9,FALSE),"") | I10: =IFERROR(VLOOKUP($B$10,'Annex 1 LV, HV and UMS charges'!$A:$K,10,FALSE),"") | M10: =IFERROR(VLOOKUP($L$10,#REF!,2,FALSE),"") | N10: =IFERROR(VLOOKUP($L$10,#REF!,3,FALSE),"") | O10: =IFERROR(VLOOKUP($L$10,#REF!,4,FALSE),"") | P10: =IFERROR(VLOOKUP($L$10,#REF!,5,FALSE),"") | Q10: =IFERROR(VLOOKUP($L$10,#REF!,6,FALSE),"") | R10: =IFERROR(VLOOKUP($L$10,#REF!,7,FALSE),"") | S10: =IFERROR(VLOOKUP($L$10,#REF!,8,FALSE),"") | T10: =IFERROR(VLOOKUP($L$10,#REF!,9,FALSE),"") | AB10: Unmetered Supplies | AC10: Black unit charge p/kWh | AD10: Yellow unit charge p/kWh | AE10: Green unit charge p/kWh | AF10: n/a | AG10: n/a | AH10: n/a | AI10: n/a
AB11: LV Generation Aggregated | AC11: Red unit charge p/kWh | AD11: Amber unit charge p/kWh | AE11: Green unit charge p/kWh | AF11: Fixed charge p/MPAN/day | AG11: n/a | AH11: n/a | AI11: n/a
B12: Tariff components | C12: =C9 -> Red unit charge p/kWh | D12: =D9 -> Amber unit charge p/kWh | E12: =E9 -> Green unit charge p/kWh | F12: Number of days in consumption period i.e. 365 if one year | G12: Maximum import or export capacity kVA | H12: Average daily exceeded capacity kVA | I12: Excess reactive units kVArh | L12: Tariff components | M12: Import super red kWh | N12: Number of days in consumption period i.e. 365 if one year | O12: Maximum import capacity kVA | P12: Average daily exceeded capacity kVA | Q12: Export Super Red kWh | R12: Number of days in consumption period i.e. 365 if one year | S12: Maximum export capacity kVA | T12: Average daily exceeded capacity kVA | AB12: LV Sub Generation Aggregated | AC12: Red unit charge p/kWh | AD12: Amber unit charge p/kWh | AE12: Green unit charge p/kWh | AF12: Fixed charge p/MPAN/day | AG12: n/a | AH12: n/a | AI12: n/a
B13: Enter current consumption details | L13: Enter current consumption details | R13: =N13 -> 0 | AB13: LV Generation Site Specific | AC13: Red unit charge p/kWh | AD13: Amber unit charge p/kWh | AE13: Green unit charge p/kWh | AF13: Fixed charge p/MPAN/day | AG13: n/a | AH13: n/a | AI13: Reactive power charge p/kVArh
B14: Enter forecast consumption details (if different) | C14: =C13 -> 0 | D14: =D13 -> 0 | E14: =E13 -> 0 | F14: =F13 -> 0 | G14: =G13 -> 0 | H14: =H13 -> 0 | I14: =I13 -> 0 | L14: Enter forecast consumption details (if different) | M14: =M13 -> 0 | N14: =N13 -> 0 | O14: =O13 -> 0 | P14: =P13 -> 0 | Q14: =Q13 -> 0 | R14: =R13 -> 0 | S14: =S13 -> 0 | T14: =T13 -> 0 | AB14: LV Generation Site Specific no RP charge | AC14: Red unit charge p/kWh | AD14: Amber unit charge p/kWh | AE14: Green unit charge p/kWh | AF14: Fixed charge p/MPAN/day | AG14: n/a | AH14: n/a | AI14: n/a
AB15: LV Sub Generation Site Specific | AC15: Red unit charge p/kWh | AD15: Amber unit charge p/kWh | AE15: Green unit charge p/kWh | AF15: Fixed charge p/MPAN/day | AG15: n/a | AH15: n/a | AI15: Reactive power charge p/kVArh
B16: Charge components | C16: Unit 1 £ | D16: Unit 2 £ | E16: Unit 3 £ | F16: Fixed charge £ | G16: Capacity charge £ | H16: Exceeded capacity charge £ | I16: Reactive power charge £ | L16: Charge components | M16: Import super red charge £ | N16: Import fixed charge £ | O16: Import capacity charge £ | P16: Import exceeded capacity charge £ | Q16: Export super red charge £ | R16: Export fixed charge £ | S16: Export capacity charge £ | T16: Export exceeded capacity charge £ | AB16: LV Sub Generation Site Specific no RP charge | AC16: Red unit charge p/kWh | AD16: Amber unit charge p/kWh | AE16: Green unit charge p/kWh | AF16: Fixed charge p/MPAN/day | AG16: n/a | AH16: n/a | AI16: n/a
B17: Current consumption period charges | C17: =IFERROR(C10*C13/100,"") | D17: =IFERROR(D10*D13/100,"") | E17: =IFERROR(E10*E13/100,"") | F17: =IFERROR(F10*F13/100,"") | G17: =IFERROR(G10*G13*F13/100,"") | H17: =IFERROR(H10*H13*F13/100,"") | I17: =IFERROR(I10*I13/100,"") | L17: Current consumption period charges | M17: =IFERROR(M10*M13/100,"") | N17: =IFERROR(N10*N13/100,"") | O17: =IFERROR(O10*O13*N13/100,"") | P17: =IFERROR(P10*P13*N13/100,"") | Q17: =IFERROR(Q10*Q13/100,"") | R17: =IFERROR(R10*R13/100,"") | S17: =IFERROR(S10*S13*R13/100,"") | T17: =IFERROR(T10*T13*R13/100,"") | AB17: HV Generation Site Specific | AC17: Red unit charge p/kWh | AD17: Amber unit charge p/kWh | AE17: Green unit charge p/kWh | AF17: Fixed charge p/MPAN/day | AG17: n/a | AH17: n/a | AI17: Reactive power charge p/kVArh
B18: Forecast consumption period charges | C18: =IFERROR(C10*C14/100,"") | D18: =IFERROR(D10*D14/100,"") | E18: =IFERROR(E10*E14/100,"") | F18: =IFERROR(F10*F14/100,"") | G18: =IFERROR(G10*G14*F14/100,"") | H18: =IFERROR(H10*H14*F14/100,"") | I18: =IFERROR(I10*I14/100,"") | L18: Forecast consumption period charges | M18: =IFERROR(M10*M14/100,"") | N18: =IFERROR(N10*N14/100,"") | O18: =IFERROR(O10*O14*N14/100,"") | P18: =IFERROR(P10*P14*N14/100,"") | Q18: =IFERROR(Q10*Q14/100,"") | R18: =IFERROR(R10*R14/100,"") | S18: =IFERROR(S10*S14*R14/100,"") | T18: =IFERROR(T10*T14*R14/100,"") | AB18: HV Generation Site Specific no RP charge | AC18: Red unit charge p/kWh | AD18: Amber unit charge p/kWh | AE18: Green unit charge p/kWh | AF18: Fixed charge p/MPAN/day | AG18: n/a | AH18: n/a | AI18: n/a
C20: Total charge £ | M20: Import total charge £ | N20: Export total charge £
B21: Current consumption period charges | C21: =SUM(C17:I17) -> 0 | L21: Current consumption period charges | M21: =SUM(M17:P17) -> 0 | N21: =SUM(Q17:T17) -> 0
B22: Forecast consumption period charges | C22: =SUM(C18:I18) -> 0 | L22: Forecast consumption period charges | M22: =SUM(M18:P18) -> 0 | N22: =SUM(Q18:T18) -> 0
B24: These charges are estimates based on tariff selected and consumption values entered. | L24: These charges are estimates based on site selected and consumption values entered.
